 Dungeon Crawl Stone Soup version 0.31-a0-152-g6aa68a64a1 (webtiles) character file.

Game seed: 3967306550074535479

386123 qw the Slayer (level 23, -11/161 HPs)
             Began as a Gargoyle Fighter on June 10, 2023.
             Was an Elder of Okawaru.
             Killed by Lee's Rapid Deconstruction
             ... invoked by a deep troll earth mage
              (34 damage)
             ... on level 4 of the Depths.
             The game lasted 00:32:47 (42260 turns).

qw the Slayer (Gargoyle Fighter)                   Turns: 42260, Time: 00:32:48

Health: -11/161    AC: 50    Str: 30    XL:     23   Next: 0%
Magic:  30/30      EV: 25    Int: 21    God:    Okawaru [****..]
Gold:   936        SH: 23    Dex:  8    Spells: 22/22 levels left

rFire   + . .        B - +3 broad axe of Severance {freeze, *Slow rN+ rCorr Int+8}
rCold   . . .        v - +1 tower shield {reflect}
rNeg    + + .        h - +2 plate armour {rF+}
rPois   inf          M - +2 helmet {SInv}
rElec   +            y - scarf {repulsion}
rCorr   +            z - +2 pair of gloves {Stlth+}
SInv    +            l - +2 pair of slick slippers {slick, slippery, EV+4}
Will    +....        J - amulet of faith Stlth
                     b - +5 ring of evasion
HPRegen 1.26/turn    G - +5 ring of evasion
MPRegen 0.22/turn

%: slow self (1%), repel missiles, reflection, faith
@: heroic, flying, slowed, very slow
A: sickness immunity, AC +17, big wings, negative energy resistance 1,
electricity resistance, torment resistance 1, petrification resistance, clever
1, regeneration 1
}: 2/15 runes: serpentine, barnacled
a: Renounce Religion, Heroism, Finesse


You were on level 4 of the Depths.
You worshipped Okawaru.
Okawaru was greatly pleased with you.
You visited 8 branches of the dungeon, and saw 39 of its levels.
You also visited: Ossuary.

You collected 4139 gold pieces.
You spent 3203 gold pieces at shops.


Innate Abilities, Weirdness & Mutations

You are immune to sickness and miasma.
Your stone body is resilient. (AC +17)
You are immune to poison.
Your large and strong wings let you fly.
You resist negative energy. (rN+)
You are resistant to electric shocks. (rElec)
You are resistant to unholy torment.
You are immune to petrification.
Your mind is acute. (Int +4, Str/Dex -1)
Your natural rate of healing is unusually fast.


   Skills:
 + Level 21.9(26.9) Fighting
 - Level 18.0(23.0) Axes
 - Level 12.0(17.0) Throwing
 - Level 19.0(24.0) Armour
 - Level 5.0(10.0) Dodging
 - Level 21.0(26.0) Shields
 - Level 10.0 Invocations


You had 22 spell levels left.
You didn't know any spells.
Your spell library was empty.

Inventory:

Hand Weapons
 m - a +4 broad axe
 B - the +3 broad axe of Severance (weapon) {freeze, *Slow rN+ rCorr Int+8}
   (Okawaru gifted it to you on level 5 of the Lair of Beasts)

   Int:       It affects your intelligence (+8).
   rN:        It protects you from negative energy.
   rCorr:     It protects you from acid and corrosion.
   *Slow:     It may slow you when you take damage.
Missiles
 x - 48 javelins
 H - 19 silver javelins (quivered)
Armour
 c - the +0 chain mail "Businol" {rPois rF+ rC+}
   (You bought it in a shop on level 3 of the Depths)

   rF:        It protects you from fire.
   rC:        It protects you from cold.
   rPois:     It protects you from poison.
 h - a +2 plate armour of fire resistance (worn)
 l - the +2 pair of slick slippers (worn) {slick, slippery, EV+4}
   (You acquired it on level 2 of the Lair of Beasts)

   Slick:     Its wearer cannot be constricted, engulfed, netted or webbed.
   Slippery:  Its wearer slips away from damaging melee attacks, pulling the
   attacker onward.
   EV:        It affects your evasion (+4).
 v - a +1 tower shield of reflection (worn)
 y - a scarf of repulsion (worn)
 z - a +2 pair of gloves of stealth (worn)
 A - a +0 cloak
 D - the +1 ring mail of Insurance {rF- rN+ rCorr Dex+6}
   (Okawaru gifted it to you on level 4 of the Snake Pit)

   Dex:       It affects your dexterity (+6).
   rF:        It makes you vulnerable to fire.
   rN:        It protects you from negative energy.
   rCorr:     It protects you from acid and corrosion.
 F - the +0 fire dragon scales of the Armoured One {rElec rF++ rC- Str+4}
   (You found it on level 12 of the Dungeon)

   Str:       It affects your strength (+4).
   rF:        It greatly protects you from fire.
   rC:        It makes you vulnerable to cold.
   rElec:     It insulates you from electricity.
 L - the +6 chain mail of the Accordion {Str+2}
   (You found it on level 3 of the Snake Pit)

   Str:       It affects your strength (+2).
 M - a +2 helmet of see invisible (worn)
 N - a +0 plate armour of cold resistance
Jewellery
 b - a +5 ring of evasion (left hand)
 j - a ring of protection from fire
 q - an amulet of reflection
 s - a ring of fire
 C - a ring of protection from cold
 G - a +5 ring of evasion (right hand)
 I - a ring of ice
 J - an amulet of faith (around neck)
 K - the ring "Ycoloi" {rCorr Str+2 Dex+4}
   (You found it on level 1 of the Vaults)

   [ring of resist corrosion]

   Str:       It affects your strength (+2).
   Dex:       It affects your dexterity (+4).
   rCorr:     It protects you from acid and corrosion.
 P - a ring of resist corrosion
Wands
 w - a wand of digging (19)
Scrolls
 a - 24 scrolls of identify
 k - 3 scrolls of brand weapon
 n - 10 scrolls of teleportation
 E - 4 scrolls of enchant weapon
Potions
 d - 7 potions of might
 e - 16 potions of curing
 f - 10 potions of mutation
 g - 10 potions of attraction
 i - 12 potions of lignification
 o - 2 potions of magic
 p - 2 potions of haste
 r - 6 potions of heal wounds
 t - 2 potions of resistance
 u - 4 potions of cancellation

Dungeon Overview and Level Annotations

Branches:
Dungeon (15/15)            Temple (1/1) D:7            Lair (5/5) D:10
 Shoals (4/4) Lair:2        Snake (4/4) Lair:2        Slime (0/5) Lair:5
    Orc (2/2) D:11            Elf (0/3) Orc:2        Vaults (4/5) D:14
  Crypt (0/3) Vaults:3     Depths (4/4) D:15        Ossuary (visited)
    Zot: Depths:4

Altars:
Ashenzari
Cheibriados
Dithmenos
Elyvilon
Fedhas
Gozag
Hepliaklqana
Kikubaaqudgha
Makhleb
Nemelex Xobeh
Okawaru
Qazlal
Ru
Sif Muna
Trog
Uskayaw
Vehumet
Wu Jian
Xom
Yredelemnul
Zin
The Shining One
Lugonu

Shops:
D:13 =   Orc:2 [!([   Shoals:2 (   Snake:1 *[   Snake:3 =   Vaults:1 (
Vaults:2 [   Vaults:4 [   Depths:3 *   Depths:4 *

Portals:
Hell: Depths:1 Depths:2 Depths:3
Abyss: Vaults:2 Depths:1 Depths:2 Depths:3
Pandemonium: Depths:2
Trove: D:12 (give +6 demon blade)

Annotations:
D:15 1 runed translucent door
Vaults:2 2 transporters, Tang's ghost, master DsGl
Depths:3 3 runed translucent doors


Message History

The black draconian breathes lightning at you.
The bolt of lightning misses you.
The white draconian completely misses you.
You barely miss the green draconian monk.
The green draconian monk is heavily wounded.
You hit the deep troll earth mage but do no damage.
You block the green draconian monk's attack.
The green draconian monk kicks you but does no damage.
You block the green draconian monk's attack.
The green draconian monk misses you.
The deep troll earth mage bites you but does no damage.
The deep troll earth mage closely misses you.
The deep troll earth mage misses you.
The black draconian breathes lightning at you.
The bolt of lightning hits you! You resist.
The white draconian hits you but does no damage.
The frost giant casts a spell at you. The bolt of cold misses you.
42260 ||| Stepping ~*~*~tactically~*~*~ (cloud).
The green draconian monk attacks as you move away!
You block the green draconian monk's attack.
The green draconian monk kicks you but does no damage.
You block the green draconian monk's attack.
The green draconian monk tail-slaps you but does no damage.
The sentinel's mark upon you fades away.
The living spell casts itself at you.
The mass of ice explodes!
The iceblast engulfs you!!
You feel yourself slow down.
The iceblast engulfs the living spell!!!
The living spell is destroyed!
The iceblast engulfs the living spell!!!
The living spell is destroyed!
The green draconian monk breathes poison at you.
The blast of poison misses you. The living spell casts itself at you.
The mass of ice explodes!
The iceblast engulfs you!
You feel as though you will be slow longer.
The deep troll earth mage casts a spell at you.
You shatter!!
You die...

.................##
.............##...##
.........##...#....#
.........##........#
.........##.......##
.................##
...............*;##
...............¤¤¤## .
...........~~~¤0@0.# ...
........~~~~...000T#...8.
........~....}.}.0qd.....
.........._...\.d0d#.8...
........~....}.}(C[#.....
........~~~~.....~..d....
###........~~~~~~~T#.....
# ....$...ppp..#.8... #
...........p.# ....


You could see a green draconian monk, a frost giant, a walking frostbound tome,
a black draconian (poisoned, catching breath), 2 draconians, 3 hell knights, a
deep troll, a deep troll earth mage and a living spell (summoned).

Vanquished Creatures
  An ancient lich (Vaults:3)
  Mennas (Depths:3)
  Mara (Depths:2)
  Sojobo (Vaults:2)
  Vv (Depths:3)
  Margery (Depths:1)
  Bai Suzhen (Shoals:4)
  Saint Roka (Vaults:4)
  Jory (Depths:3)
  Nikola (Vaults:3)
  A golden dragon (Depths:4)
  A lich (Depths:2)
  Jorgrun (Orc:2)
  Gastronok (D:10)
  4 sphinxes
  Frances (Shoals:2)
  2 tengu reavers (Vaults:2)
  Polyphemus (Shoals:2)
  A shadow dragon (Depths:3)
  Ilsuiw (Shoals:3)
  5 nagarajas
  Roxanne (Snake:4)
  A fire giant (Depths:3)
  Aizul (Shoals:4)
  10 vault wardens
  7 frost giants
  Louise (Shoals:1)
  3 orc warlords
  2 spriggan defenders (Depths:3)
  28 ironbound preservers
  3 war gargoyles
  8 stone giants
  12 very ugly things
  A vampire knight (Depths:3)
  9 ironbound thunderhulks
  2 formless jellyfish
  8 dire elephants
  A deep elf demonologist (Depths:2)
  3 minotaurs (Shoals:4)
  A red draconian (Depths:4)
  An eidolon (Vaults:3)
  Snorg (D:14)
  3 spark wasps (Depths:2)
  3 jiangshi (Depths:3)
  2 crystal guardians
  4 merfolk impalers
  7 ettins
  8 yaktaur captains
  3 fire dragons
  3 merfolk javelineers
  A spriggan air mage (Depths:1)
  3 entropy weavers
  4 rakshasas
  Fannar (D:12)
  12 great orbs of eyes
  3 ice dragons
  5 hydras
  5 peacekeepers
  8 ironbound frosthearts
  5 salamander tyrants
  2 ogre magi
  12 vault guards
  A death knight (D:14)
  8 satyrs (Shoals:4)
  An alligator snapping turtle (Shoals:4)
  3 catoblepae
  5 two-headed ogres
  2 merfolk avatars
  15 centaur warriors
  4 boulder beetles
  11 anacondas
  Erica (Lair:2)
  22 naga warriors
  3 death yaks (Shoals:2)
  5 deep troll earth magi
  A vampire mage (Depths:3)
  2 deep troll shamans (Depths:3)
  An orc high priest (Vaults:2)
  12 naga sharpshooters
  6 shock serpents
  6 tengu warriors
  4 spriggan berserkers
  14 hell knights
  7 salamander mystics
  4 skysharks
  An iron troll (Depths:2)
  4 glowing orange brains
  A golden dragon zombie (Depths:2)
  4 flayed ghosts
  A tengu zombie (Vaults:2)
  76 deep trolls
  8 naga ritualists
  5 sea snakes
  A phantasmal warrior (Vaults:3)
  10 lindwurms
  A shadow demon (Depths:2)
  Pikel (D:7)
  8 orc knights
  5 deep elf pyromancers
  8 deep elf zephyrmancers
  4 wizards
  10 ironbound convokers
  21 harpies
  8 necromancers
  15 mana vipers
  21 ugly things
  A stone giant zombie (Vaults:3)
  18 manticores
  5 orc sorcerers
  9 fauns
  6 elephants (Lair:5)
  8 cyclopes
  21 salamanders
  35 black mambas
  13 naga magi
  A fire giant skeleton (Depths:2)
  12 guardian serpents
  9 merfolk sirens
  11 vault sentinels
  3 gargoyles
  A centaur skeleton (D:15)
  6 water nymphs
  10 cane toads
  A torpor snail (Lair:4)
  A komodo dragon (shapeshifter) (Depths:3)
  2 human zombies
  5 rime drakes
  Psyche (D:12)
  17 yaktaurs
  11 komodo dragons
  2 tengu conjurers (D:15)
  2 freezing wraiths (Vaults:4)
  3 ice devils
  5 polar bears
  A red devil (Depths:2)
  8 trolls
  38 merfolk
  5 hornets
  7 wind drakes
  A wolf spider simulacrum (D:15)
  2 tengu simulacra
  A wind drake (shapeshifter) (D:13)
  17 blink frogs
  18 dream sheep
  2 culicivoras
  43 slime creatures
  10 snapping turtles
  4 shadows
  2 centaur simulacra (D:15)
  A ynoxinul (Depths:2)
  A wraith (D:13)
  3 spriggans (Depths:3)
  4 water elementals
  Sigmund (D:6)
  42 yaks
  A vampire (D:11)
  A human (D:14)
  7 wyverns
  8 basilisks
  An elf zombie (Vaults:3)
  3 fire bats (Depths:2)
  Grum (D:8)
  8 steam dragons
  A chaos spawn (Depths:2)
  3 redbacks
  8 wargs
  12 vampire mosquitoes
  A swamp worm (shapeshifter) (Vaults:2)
  61 nagas
  A two-headed ogre zombie (D:11)
  2 acid dragons (D:13)
  18 water moccasins
  53 orc warriors
  5 sky beasts
  2 ice beasts
  An ettin simulacrum (Vaults:2)
  8 boggarts
  A tengu (shapeshifter) (D:14)
  11 ogres
  14 wolves
  20 centaurs
  A human skeleton (Vaults:3)
  5 phantoms
  8 bullfrogs
  A human simulacrum (Vaults:3)
  4 scorpions
  A water moccasin zombie (Ossuary)
  4 wights (D:8)
  13 killer bees (D:9)
  2 troll zombies (D:11)
  A howler monkey (D:10)
  3 electric eels
  A lava snake (D:7)
  6 bullfrog zombies (Ossuary)
  4 centaur zombies
  13 orc priests
  2 jellies
  A gnoll bouda (D:8)
  2 hounds
  4 sleepcaps
  Jessica (D:2)
  8 iguanas
  18 orc wizards
  Ijyb (D:5)
  Natasha (twice) (D:2)
  13 mummies (Ossuary)
  A killer bee zombie (Ossuary)
  6 ogre zombies
  Robin (D:3)
  A howler monkey zombie (Ossuary)
  9 adders
  6 gnolls
  2 white imps
  A worm (D:4)
  66 orcs
  4 endoplasms
  3 giant cockroaches
  16 goblins
  11 hobgoblins
  9 ball pythons
  5 bats
  3 frilled lizards
  2 goblin zombies (D:11)
  A hobgoblin skeleton (D:11)
  A hobgoblin zombie (D:11)
  3 kobolds
  5 orc skeletons (D:11)
  16 orc zombies (D:11)
  3 rats
  3 spectral weapons (Vaults:1)
1557 creatures vanquished.

Vanquished Creatures (others)
  Asterion (Vaults:1)
  A deep troll (Vaults:3)
  A wizard (Depths:3)
  An ironbound convoker (Vaults:3)
  A lindwurm (Vaults:2)
  An ugly thing (D:15)
  A manticore (Shoals:4)
  A black mamba (Snake:2)
  A naga (Snake:1)
  A human (D:5)
  An ogre (Depths:2)
  3 orcs
14 creatures vanquished.

Grand Total: 1571 creatures vanquished

Notes
Turn   | Place    | Note
-------+----------+-------------------------------------------
     0 | D:1      | qw the Gargoyle Fighter began the quest for the Orb.
     0 | D:1      | Reached XP level 1. HP: 14/14 MP: 1/1
     0 | D:1      | 0 ||| qw: Version: 0.2-a-29-gd901d54
     0 | D:1      | 0 ||| qw: Game counter: 4000
     0 | D:1      | 0 ||| qw: Always use a shield: true
     0 | D:1      | 0 ||| qw: God list: Okawaru
     0 | D:1      | 0 ||| qw: Allow faded altars: false
     0 | D:1      | 0 ||| qw: Do Orc after D:15 true
     0 | D:1      | 0 ||| qw: Do second Lair branch before Depths: true
     0 | D:1      | 0 ||| qw: Lair rune preference: random
     0 | D:1      | 0 ||| qw: Plans: Normal, Zot:1-4, Slime:5, God:TSO, Crypt,
                  | Tomb, Abyss, Pan, Hells, Win
     0 | D:1      | 0 ||| PLANNING D:1-11
   179 | D:1      | Found an opulent altar of Gozag.
   247 | D:1      | Reached XP level 2. HP: 19/19 MP: 2/2
   555 | D:1      | 555 ||| UPGRADING to +0 pair of boots.
   560 | D:1      | 560 ||| DROPPING ring of wizardry.
   561 | D:1      | 561 ||| READING scroll labelled FIBBYN LEMO.
   564 | D:1      | 564 ||| READING scroll labelled COC VAHOCSADWAIC.
   565 | D:1      | 565 ||| DRINKING 3 lumpy silvery potions.
   566 | D:1      | 566 ||| DRINKING 2 black potions.
   567 | D:1      | 567 ||| DRINKING 3 fuming cyan potions.
   703 | D:2      | 703 ||| Stepping ~*~*~tactically~*~*~ (stealth).
   763 | D:2      | 763 ||| Stepping ~*~*~tactically~*~*~ (stealth).
   764 | D:2      | Noticed Jessica
   775 | D:2      | Killed Jessica
   776 | D:2      | Reached skill level 3 in Axes
   776 | D:2      | Reached XP level 3. HP: 11/23 MP: 3/3
   869 | D:2      | Noticed Natasha
   881 | D:2      | HP: 5/23 [Natasha (2)]
   882 | D:2      | Killed Natasha
   883 | D:2      | Reached XP level 4. HP: 7/28 MP: 4/4
  1005 | D:2      | 1005 ||| Stepping ~*~*~tactically~*~*~ (stealth).
  1223 | D:2      | Noticed Natasha
  1224 | D:2      | 1224 ||| Stepping ~*~*~tactically~*~*~ (hiding).
  1235 | D:2      | Killed Natasha
  1296 | D:2      | You fall into a shaft and drop 1 floor!
  1432 | D:3      | 1432 ||| UPGRADING to amulet of regeneration.
  1437 | D:3      | 1437 ||| READING scroll labelled ELAYTRUCWE.
  1438 | D:3      | 1438 ||| DRINKING 2 fuming golden potions.
  1438 | D:3      | Gained mutation: Your mind is acute. (Int +4, Str/Dex -1)
                  | [potion of mutation]
  1438 | D:3      | Gained mutation: Your natural rate of healing is unusually
                  | fast. [potion of mutation]
  1612 | D:2      | Found a faded altar of an unknown god.
  1678 | D:3      | 1678 ||| Stepping ~*~*~tactically~*~*~ (stealth).
  1679 | D:3      | Noticed Robin
  1682 | D:3      | Reached XP level 5. HP: 32/32 MP: 5/5
  1712 | D:3      | Killed Robin
  1831 | D:3      | 1831 ||| Stepping ~*~*~tactically~*~*~ (stealth).
  2308 | D:3      | 2308 ||| UPGRADING to +0 helmet.
  2313 | D:3      | 2313 ||| READING scroll labelled UREAME WOGHYOM.
  2314 | D:3      | 2314 ||| READING scroll labelled EBRIME CAKKONY.
  2315 | D:3      | 2315 ||| READING 2 scrolls of identify.
  2315 | D:3      | 2315 ||| IDENTIFYING puce potion
  2316 | D:3      | 2316 ||| DROPPING potion of enlightenment.
  2449 | D:4      | Reached XP level 6. HP: 39/39 MP: 6/6
  2526 | D:4      | 2526 ||| Stepping ~*~*~tactically~*~*~ (stealth).
  2540 | D:4      | Found a white marble altar of Elyvilon.
  2607 | D:4      | 2607 ||| Stepping ~*~*~tactically~*~*~ (hiding).
  2658 | D:4      | Reached skill level 6 in Axes
  2680 | D:4      | 2680 ||| Stepping ~*~*~tactically~*~*~ (stealth).
  2687 | D:4      | Reached XP level 7. HP: 44/44 MP: 7/7
  2706 | D:4      | Reached skill level 1 in Dodging
  3671 | D:4      | 3671 ||| READING scroll labelled HOPPAA PYKH.
  3672 | D:4      | 3672 ||| READING scroll labelled HUNORH FIXT.
  3677 | D:4      | 3677 ||| READING scroll labelled MOQOMA QIRUNIE.
  3709 | D:5      | Entered Level 5 of the Dungeon
  3718 | D:5      | 3718 ||| STAIRDANCE
  3760 | D:5      | Found a shadowy altar of Dithmenos.
  3761 | D:5      | 3761 ||| DROPPING +0 mace.
  3934 | D:5      | Reached XP level 8. HP: 49/49 MP: 8/8
  3975 | D:5      | Noticed Ijyb
  3976 | D:5      | 3976 ||| Stepping ~*~*~tactically~*~*~ (hiding).
  3994 | D:5      | Killed Ijyb
  4117 | D:5      | Reached skill level 6 in Fighting
  4384 | D:5      | Found an ancient bone altar of Kikubaaqudgha.
  4393 | D:5      | Found a shimmering blue altar of Sif Muna.
  4548 | D:5      | 4548 ||| UPGRADING to +0 chain mail.
  4558 | D:5      | 4558 ||| DROPPING +0 scale mail.
  4559 | D:5      | 4559 ||| READING 3 scrolls of identify.
  4559 | D:5      | 4559 ||| IDENTIFYING green potion
  4560 | D:5      | 4560 ||| READING 2 scrolls of identify.
  4560 | D:5      | 4560 ||| IDENTIFYING fuming ruby potion
  4561 | D:5      | 4561 ||| DROPPING potion of degeneration.
  4606 | D:6      | 4606 ||| FLEEEEING.
  4607 | D:6      | 4607 ||| FLEEEEING.
  4608 | D:6      | 4608 ||| FLEEEEING.
  4609 | D:6      | 4609 ||| FLEEEEING.
  4610 | D:6      | 4610 ||| FLEEEEING.
  4611 | D:6      | 4611 ||| STAIRDANCE
  4626 | D:6      | 4626 ||| STAIRDANCE
  4749 | D:6      | Found a blossoming altar of Fedhas.
  4771 | D:6      | Noticed Sigmund
  4772 | D:6      | 4772 ||| Stepping ~*~*~tactically~*~*~ (hiding).
  4773 | D:6      | 4773 ||| Stepping ~*~*~tactically~*~*~ (hiding).
  4784 | D:6      | Killed Sigmund
  4785 | D:6      | Reached skill level 9 in Axes
  4785 | D:6      | Reached XP level 9. HP: 55/55 MP: 9/9
  5049 | D:6      | 5049 ||| READING 2 scrolls of identify.
  5049 | D:6      | 5049 ||| IDENTIFYING bubbling brown potion
  5050 | D:6      | 5050 ||| DROPPING potion of ambrosia.
  5122 | D:7      | Noticed Pikel
  5124 | D:7      | 5124 ||| Stepping ~*~*~tactically~*~*~ (stealth).
  5132 | D:7      | Killed Pikel
  5134 | D:7      | 5134 ||| Stepping ~*~*~tactically~*~*~ (hiding).
  5145 | D:7      | Found a staircase to the Ecumenical Temple.
  5146 | D:7      | 5146 ||| PLANNING TEMPLE
  5153 | Temple   | Entered the Ecumenical Temple
  5204 | Temple   | 5204 ||| PLANNING OKAWARU WORSHIP
  5274 | Temple   | Became a worshipper of Warmaster Okawaru
  5274 | Temple   | 5274 ||| PLANNING D:1-11
  5342 | D:7      | 5342 ||| Stepping ~*~*~tactically~*~*~ (stealth).
  5346 | D:7      | 5346 ||| Stepping ~*~*~tactically~*~*~ (hiding).
  5347 | D:7      | 5347 ||| Stepping ~*~*~tactically~*~*~ (hiding).
  5390 | D:7      | 5390 ||| Stepping ~*~*~tactically~*~*~ (hiding).
  5528 | D:7      | 5528 ||| Stepping ~*~*~tactically~*~*~ (stealth).
  5554 | D:7      | 5554 ||| Stepping ~*~*~tactically~*~*~ (hiding).
  5555 | D:7      | 5555 ||| Stepping ~*~*~tactically~*~*~ (hiding).
  5599 | D:7      | Reached * piety under Okawaru
  5617 | D:7      | Reached skill level 1 in Invocations
  5983 | D:7      | 5983 ||| DRINKING 4 potions of curing.
  5983 | D:7      | 5983 ||| (to cure confusion)
  5984 | D:7      | 5984 ||| INVOKING Heroism.
  6028 | D:7      | Reached XP level 10. HP: 64/64 MP: 11/11
  6035 | D:7      | 6035 ||| UPGRADING to +5 ring of evasion.
  6036 | D:7      | 6036 ||| READING 3 scrolls of identify.
  6036 | D:7      | 6036 ||| IDENTIFYING ruby potion
  6037 | D:7      | 6037 ||| READING 2 scrolls of identify.
  6037 | D:7      | 6037 ||| IDENTIFYING fizzy silvery potion
  6038 | D:7      | 6038 ||| DROPPING potion of brilliance.
  6039 | D:7      | 6039 ||| DROPPING potion of berserk rage.
  6079 | D:8      | 6079 ||| PLANNING OSSUARY
  6079 | D:8      | 6079 ||| INVOKING Heroism.
  6091 | D:8      | Reached skill level 3 in Invocations
  6134 | D:8      | 6134 ||| FLEEEEING.
  6135 | D:8      | 6135 ||| FLEEEEING.
  6136 | D:8      | 6136 ||| FLEEEEING.
  6143 | D:8      | 6143 ||| Stepping ~*~*~tactically~*~*~ (hiding).
  6151 | D:8      | 6151 ||| Stepping ~*~*~tactically~*~*~ (stealth).
  6153 | D:8      | 6153 ||| Stepping ~*~*~tactically~*~*~ (stealth).
  6154 | D:8      | 6154 ||| Stepping ~*~*~tactically~*~*~ (stealth).
  6204 | D:8      | Found a sand-covered staircase.
  6205 | D:8      | 6205 ||| UPGRADING to +6 ring of strength.
  6209 | Ossuary  | Entered an ossuary
  6272 | Ossuary  | 6272 ||| Stepping ~*~*~tactically~*~*~ (hiding).
  6296 | Ossuary  | 6296 ||| Stepping ~*~*~tactically~*~*~ (hiding).
  6412 | Ossuary  | 6412 ||| Stepping ~*~*~tactically~*~*~ (water).
  6461 | Ossuary  | Reached ** piety under Okawaru
  6479 | Ossuary  | 6479 ||| READING scroll of enchant weapon.
  6479 | Ossuary  | 6479 ||| ENCHANTING +1 war axe.
  6480 | Ossuary  | 6480 ||| Stepping ~*~*~tactically~*~*~ (stealth).
  6521 | Ossuary  | 6521 ||| UPGRADING to amulet of reflection.
  6542 | Ossuary  | 6542 ||| DROPPING amulet of regeneration.
  6543 | Ossuary  | 6543 ||| READING 4 scrolls of identify.
  6543 | Ossuary  | 6543 ||| IDENTIFYING red potion
  6554 | D:8      | 6554 ||| PLANNING D:1-11
  6577 | D:8      | 6577 ||| INVOKING Heroism.
  6580 | D:8      | 6580 ||| Stepping ~*~*~tactically~*~*~ (hiding).
  6584 | D:8      | 6584 ||| Stepping ~*~*~tactically~*~*~ (stealth).
  6588 | D:8      | 6588 ||| Stepping ~*~*~tactically~*~*~ (hiding).
  6589 | D:8      | 6589 ||| Stepping ~*~*~tactically~*~*~ (stealth).
  6595 | D:8      | 6595 ||| INVOKING Heroism.
  6607 | D:8      | 6607 ||| Stepping ~*~*~tactically~*~*~ (cloud).
  6668 | D:8      | Noticed Grum
  6669 | D:8      | 6669 ||| INVOKING Heroism.
  6671 | D:8      | Reached skill level 1 in Throwing
  6673 | D:8      | 6673 ||| Stepping ~*~*~tactically~*~*~ (hiding).
  6691 | D:8      | Killed Grum
  6722 | D:8      | Found a stormy altar of Qazlal.
  6790 | D:8      | Reached skill level 6 in Armour
  6792 | D:8      | 6792 ||| INVOKING Heroism.
  6952 | D:8      | 6952 ||| READING scroll labelled YSIARU ISEAR.
  7031 | D:9      | 7031 ||| INVOKING Heroism.
  7149 | D:9      | Found a glowing silver altar of Zin.
  7175 | D:9      | Reached skill level 9 in Fighting
  7276 | D:9      | Found a flagged portal.
  7334 | D:9      | Found a snail-covered altar of Cheibriados.
  7442 | D:9      | 7442 ||| Stepping ~*~*~tactically~*~*~ (stealth).
  7456 | D:9      | Reached XP level 11. HP: 68/71 MP: 14/14
  7546 | D:9      | 7546 ||| READING scroll labelled BOCERH DEQIY.
  7560 | D:10     | Entered Level 10 of the Dungeon
  7607 | D:10     | 7607 ||| Stepping ~*~*~tactically~*~*~ (stealth).
  7613 | D:10     | Reached *** piety under Okawaru
  7617 | D:10     | 7617 ||| INVOKING Heroism.
  7672 | D:10     | Noticed Gastronok
  7673 | D:10     | 7673 ||| INVOKING Heroism.
  7693 | D:10     | Killed Gastronok
  7694 | D:10     | Reached skill level 12 in Axes
  7805 | D:10     | Received a gift from Okawaru
  7807 | D:10     | 7807 ||| Stepping ~*~*~tactically~*~*~ (stealth).
  7821 | D:10     | Reached skill level 6 in Shields
  7871 | D:10     | 7871 ||| Stepping ~*~*~tactically~*~*~ (stealth).
  7873 | D:10     | 7873 ||| Stepping ~*~*~tactically~*~*~ (stealth).
  7876 | D:10     | 7876 ||| Stepping ~*~*~tactically~*~*~ (stealth).
  7878 | D:10     | 7878 ||| Stepping ~*~*~tactically~*~*~ (stealth).
  7879 | D:10     | 7879 ||| Stepping ~*~*~tactically~*~*~ (stealth).
  7888 | D:10     | 7888 ||| INVOKING Heroism.
  7911 | D:10     | 7911 ||| FLEEEEING.
  7914 | D:10     | 7914 ||| FLEEEEING.
  7915 | D:10     | 7915 ||| FLEEEEING.
  7916 | D:10     | 7916 ||| FLEEEEING.
  7917 | D:10     | 7917 ||| FLEEEEING.
  7919 | D:10     | 7919 ||| FLEEEEING.
  7921 | D:10     | 7921 ||| FLEEEEING.
  7922 | D:10     | 7922 ||| FLEEEEING.
  7923 | D:10     | 7923 ||| FLEEEEING.
  7924 | D:10     | 7924 ||| FLEEEEING.
  7925 | D:10     | 7925 ||| FLEEEEING.
  7926 | D:10     | 7926 ||| STAIRDANCE
  8026 | D:10     | 8026 ||| Stepping ~*~*~tactically~*~*~ (cloud).
  8029 | D:10     | 8029 ||| INVOKING Heroism.
  8037 | D:10     | 8037 ||| Stepping ~*~*~tactically~*~*~ (cloud).
  8124 | D:10     | 8124 ||| INVOKING Heroism.
  8144 | D:10     | 8144 ||| READING scroll of enchant weapon.
  8144 | D:10     | 8144 ||| ENCHANTING +2 war axe.
  8163 | D:10     | Noticed a two-headed ogre
  8164 | D:10     | 8164 ||| INVOKING Heroism.
  8176 | D:10     | Killed a two-headed ogre
  8348 | D:10     | Found a staircase to the Lair.
  8357 | D:10     | 8357 ||| INVOKING Heroism.
  8376 | D:10     | 8376 ||| PLANNING LAIR
  8376 | D:10     | 8376 ||| DRINKING 2 fuming sapphire potions.
  8377 | D:10     | 8377 ||| READING 4 scrolls of identify.
  8377 | D:10     | 8377 ||| IDENTIFYING bubbling coppery potion
  8382 | Lair:1   | Entered Level 1 of the Lair of Beasts
  8388 | Lair:1   | 8388 ||| INVOKING Heroism.
  8422 | Lair:1   | 8422 ||| Stepping ~*~*~tactically~*~*~ (stealth).
  8447 | Lair:1   | Reached **** piety under Okawaru
  8506 | Lair:1   | Noticed a catoblepas
  8507 | Lair:1   | 8507 ||| INVOKING Heroism.
  8522 | Lair:1   | Killed a catoblepas
  8523 | Lair:1   | Reached XP level 12. HP: 58/77 MP: 13/15
  8634 | Lair:1   | 8634 ||| INVOKING Heroism.
  8836 | Lair:1   | 8836 ||| INVOKING Heroism.
  8908 | Lair:1   | 8908 ||| READING 2 scrolls of enchant weapon.
  8908 | Lair:1   | 8908 ||| ENCHANTING +3 war axe.
  8909 | Lair:1   | 8909 ||| READING scroll of enchant weapon.
  8909 | Lair:1   | 8909 ||| ENCHANTING +4 war axe.
  8918 | Lair:1   | 8918 ||| INVOKING Heroism.
  8927 | Lair:1   | Reached skill level 6 in Invocations
  8935 | Lair:1   | Identified the +6 sling "Ashreas" {flame, rPois Int-3
                  | Dex+4}
  9189 | Lair:1   | 9189 ||| Stepping ~*~*~tactically~*~*~ (stealth).
  9190 | Lair:1   | 9190 ||| Stepping ~*~*~tactically~*~*~ (stealth).
  9191 | Lair:1   | 9191 ||| Stepping ~*~*~tactically~*~*~ (stealth).
  9201 | Lair:1   | 9201 ||| INVOKING Heroism.
  9487 | Lair:1   | 9487 ||| UPGRADING to +0 plate armour.
  9497 | Lair:1   | 9497 ||| DROPPING +0 chain mail.
  9498 | Lair:1   | 9498 ||| READING 2 scrolls labelled YCURIK GU VEOC.
  9499 | Lair:1   | 9499 ||| DROPPING scroll of amnesia.
  9564 | Lair:2   | 9564 ||| STAIRDANCE
  9754 | Lair:2   | Noticed a skyshark
  9756 | Lair:2   | 9756 ||| Stepping ~*~*~tactically~*~*~ (water).
  9759 | Lair:2   | Reached ***** piety under Okawaru
  9759 | Lair:2   | Received a gift from Okawaru
  9769 | Lair:2   | Killed a skyshark
  9800 | Lair:2   | 9800 ||| DROPPING +0 flail.
  9842 | Lair:2   | Found a staircase to the Shoals.
  9911 | Lair:2   | 9911 ||| Stepping ~*~*~tactically~*~*~ (stealth).
  9940 | Lair:2   | Found a staircase to the Snake Pit.
 10042 | Lair:2   | Noticed Erica
 10043 | Lair:2   | 10043 ||| INVOKING Heroism.
 10044 | Lair:2   | 10044 ||| INVOKING Finesse.
 10049 | Lair:2   | Killed Erica
 10050 | Lair:2   | Reached skill level 3 in Throwing
 10098 | Lair:2   | 10098 ||| Stepping ~*~*~tactically~*~*~ (stealth).
 10112 | Lair:2   | Received a gift from Okawaru
 10197 | Lair:2   | 10197 ||| INVOKING Heroism.
 10198 | Lair:2   | 10198 ||| Stepping ~*~*~tactically~*~*~ (stealth).
 10198 | Lair:2   | Noticed a five-headed hydra
 10199 | Lair:2   | 10199 ||| Stepping ~*~*~tactically~*~*~ (stealth).
 10215 | Lair:2   | 10215 ||| INVOKING Heroism.
 10258 | Lair:2   | 10258 ||| Stepping ~*~*~tactically~*~*~ (hiding).
 10425 | Lair:2   | 10425 ||| INVOKING Heroism.
 10431 | Lair:2   | 10431 ||| SWAPPING to +0 morningstar.
 10440 | Lair:2   | Killed a five-headed hydra
 10441 | Lair:2   | Reached skill level 9 in Invocations
 10441 | Lair:2   | Reached XP level 13. HP: 67/82 MP: 19/19
 10441 | Lair:2   | 10441 ||| SWAPPING to +5 war axe.
 10646 | Lair:2   | 10646 ||| UPGRADING to scarf of repulsion.
 10651 | Lair:2   | 10651 ||| DROPPING +6 ring of dexterity.
 10652 | Lair:2   | 10652 ||| READING scroll labelled XUOJEJ WYOSH.
 10652 | Lair:2   | Identified a scroll of acquirement
 10652 | Lair:2   | 10652 ||| ACQUIRING +2 pair of slick slippers {slick,
                  | slippery, EV+4}
 10652 | Lair:2   | Acquired the +2 pair of slick slippers {slick, slippery,
                  | EV+4}
 10652 | Lair:2   | Found the +2 pair of slick slippers {slick, slippery, EV+4}
 10654 | Lair:2   | 10654 ||| UPGRADING to +2 pair of slick slippers {slick,
                  | slippery, EV+4}.
 10664 | Lair:2   | 10664 ||| DROPPING +0 pair of boots.
 10771 | Lair:3   | Reached skill level 9 in Armour
 10789 | Lair:3   | 10789 ||| Stepping ~*~*~tactically~*~*~ (stealth).
 10792 | Lair:3   | 10792 ||| Stepping ~*~*~tactically~*~*~ (stealth).
 10795 | Lair:3   | 10795 ||| INVOKING Heroism.
 10796 | Lair:3   | 10796 ||| INVOKING Finesse.
 10801 | Lair:3   | 10801 ||| SWAPPING to +0 morningstar.
 10809 | Lair:3   | 10809 ||| SWAPPING to +5 war axe.
 10964 | Lair:3   | 10964 ||| Stepping ~*~*~tactically~*~*~ (stealth).
 10965 | Lair:3   | 10965 ||| Stepping ~*~*~tactically~*~*~ (stealth).
 10993 | Lair:3   | 10993 ||| READING 3 scrolls of enchant armour.
 10993 | Lair:3   | 10993 ||| ENCHANTING +0 helmet.
 10994 | Lair:3   | 10994 ||| READING 2 scrolls of enchant armour.
 10994 | Lair:3   | 10994 ||| ENCHANTING +1 helmet.
 10995 | Lair:3   | 10995 ||| READING scroll of enchant armour.
 10995 | Lair:3   | 10995 ||| ENCHANTING +0 plate armour.
 11062 | Lair:3   | Found a frozen archway.
 11264 | Lair:3   | 11264 ||| Stepping ~*~*~tactically~*~*~ (water).
 11474 | Lair:3   | 11474 ||| INVOKING Heroism.
 11605 | Lair:3   | 11605 ||| INVOKING Heroism.
 11606 | Lair:3   | 11606 ||| INVOKING Finesse.
 11608 | Lair:3   | 11608 ||| SWAPPING to +0 morningstar.
 11615 | Lair:3   | Received a gift from Okawaru
 11616 | Lair:3   | 11616 ||| SWAPPING to +5 war axe.
 11844 | Lair:4   | 11844 ||| INVOKING Heroism.
 11892 | Lair:4   | Found a dark tunnel.
 12010 | Lair:4   | 12010 ||| INVOKING Heroism.
 12298 | Lair:4   | 12298 ||| INVOKING Heroism.
 12327 | Lair:4   | Received a gift from Okawaru
 12380 | Lair:4   | 12380 ||| Stepping ~*~*~tactically~*~*~ (stealth).
 12386 | Lair:4   | 12386 ||| INVOKING Heroism.
 12635 | Lair:4   | 12635 ||| UPGRADING to +1 pair of gloves.
 12640 | Lair:4   | 12640 ||| DROPPING ring of flight.
 12641 | Lair:4   | 12641 ||| READING scroll labelled JYMUPED ROAFAST.
 12670 | Lair:5   | Entered Level 5 of the Lair of Beasts
 12731 | Lair:5   | 12731 ||| INVOKING Heroism.
 12790 | Lair:5   | 12790 ||| INVOKING Heroism.
 12864 | Lair:5   | Found a staircase to the Slime Pits.
 12901 | Lair:5   | 12901 ||| Stepping ~*~*~tactically~*~*~ (stealth).
 12902 | Lair:5   | 12902 ||| Stepping ~*~*~tactically~*~*~ (stealth).
 12952 | Lair:5   | 12952 ||| INVOKING Heroism.
 12993 | Lair:5   | 12993 ||| INVOKING Heroism.
 12998 | Lair:5   | 12998 ||| Stepping ~*~*~tactically~*~*~ (stealth).
 13000 | Lair:5   | 13000 ||| Stepping ~*~*~tactically~*~*~ (stealth).
 13033 | Lair:5   | Received a gift from Okawaru
 13055 | Lair:5   | 13055 ||| INVOKING Heroism.
 13064 | Lair:5   | Gained mutation: Your large and strong wings let you fly.
                  | [Gargoyle growth]
 13064 | Lair:5   | Reached XP level 14. HP: 87/90 MP: 19/21
 13069 | Lair:5   | Reached skill level 15 in Axes
 13137 | Lair:5   | Found the +7 captain's cutlass {speed, disarm}
 13139 | Lair:5   | 13139 ||| Stepping ~*~*~tactically~*~*~ (hiding).
 13140 | Lair:5   | 13140 ||| Stepping ~*~*~tactically~*~*~ (hiding).
 13142 | Lair:5   | 13142 ||| INVOKING Heroism.
 13143 | Lair:5   | 13143 ||| INVOKING Finesse.
 13221 | Lair:5   | 13221 ||| Stepping ~*~*~tactically~*~*~ (stealth).
 13224 | Lair:5   | 13224 ||| Stepping ~*~*~tactically~*~*~ (stealth).
 13248 | Lair:5   | 13248 ||| Stepping ~*~*~tactically~*~*~ (stealth).
 13363 | Lair:5   | 13363 ||| Stepping ~*~*~tactically~*~*~ (hiding).
 13371 | Lair:5   | 13371 ||| Stepping ~*~*~tactically~*~*~ (cloud).
 13505 | Lair:5   | Reached skill level 12 in Fighting
 13564 | Lair:5   | Identified the +3 broad axe of Severance {freeze, *Slow rN+
                  | rCorr Int+8} (Okawaru gifted it to you on level 5 of the
                  | Lair of Beasts)
 13564 | Lair:5   | Received a gift from Okawaru
 13666 | Lair:5   | 13666 ||| SWAPPING to +3 broad axe of Severance {freeze,
                  | *Slow rN+ rCorr Int+8}.
 13763 | Lair:5   | 13763 ||| INVOKING Heroism.
 13935 | Lair:5   | 13935 ||| PLANNING D:1-11
 13935 | Lair:5   | 13935 ||| READING 7 scrolls of identify.
 13935 | Lair:5   | 13935 ||| IDENTIFYING lumpy coppery potion
 14143 | D:11     | 14143 ||| Stepping ~*~*~tactically~*~*~ (stealth).
 14144 | D:11     | 14144 ||| Stepping ~*~*~tactically~*~*~ (stealth).
 14425 | D:11     | 14425 ||| Stepping ~*~*~tactically~*~*~ (stealth).
 14426 | D:11     | 14426 ||| Stepping ~*~*~tactically~*~*~ (stealth).
 14428 | D:11     | 14428 ||| Stepping ~*~*~tactically~*~*~ (stealth).
 14434 | D:11     | Found a staircase to the Orcish Mines.
 14515 | D:11     | 14515 ||| DRINKING 9 potions of curing.
 14515 | D:11     | 14515 ||| (to cure confusion)
 14610 | D:11     | 14610 ||| PLANNING D
 14610 | D:11     | 14610 ||| READING scroll labelled OMOADE QYC RYD.
 14777 | D:12     | 14777 ||| Stepping ~*~*~tactically~*~*~ (hiding).
 14778 | D:12     | 14778 ||| Stepping ~*~*~tactically~*~*~ (hiding).
 14941 | D:12     | 14941 ||| INVOKING Heroism.
 14942 | D:12     | 14942 ||| INVOKING Finesse.
 14997 | D:12     | Identified the +0 fire dragon scales of the Armoured One
                  | {rElec rF++ rC- Str+4}
 15097 | D:12     | Found a portal to a secret trove of treasure.
 15150 | D:12     | Noticed Psyche
 15161 | D:12     | Killed Psyche
 15161 | D:12     | Received a gift from Okawaru
 15322 | D:12     | Noticed Fannar
 15344 | D:12     | Killed Fannar
 15558 | D:12     | Reached skill level 6 in Throwing
 15610 | D:12     | 15610 ||| DROPPING amulet of guardian spirit.
 15611 | D:12     | 15611 ||| READING scroll labelled TORUVO FALAPPENT.
 15617 | D:13     | 15617 ||| PLANNING GAUNTLET
 15868 | D:13     | Identified the +8 long sword "Lucoamp" {venom, rElec rC+}
 15879 | D:13     | 15879 ||| FLEEEEING.
 15880 | D:13     | 15880 ||| FLEEEEING.
 15881 | D:13     | 15881 ||| FLEEEEING.
 15972 | D:13     | 15972 ||| INVOKING Heroism.
 15973 | D:13     | 15973 ||| INVOKING Finesse.
 15982 | D:13     | 15982 ||| SWAPPING to +0 morningstar.
 15984 | D:13     | Received a gift from Okawaru
 15994 | D:13     | 15994 ||| SWAPPING to +3 broad axe of Severance {freeze,
                  | *Slow rN+ rCorr Int+8}.
 16032 | D:13     | Found Ylaoschan's Jewellery Shoppe.
 16040 | D:13     | 16040 ||| BUYING +5 ring of evasion (504 gold).
 16040 | D:13     | Bought a +5 ring of evasion for 504 gold pieces
 16040 | D:13     | 16040 ||| BUYING amulet of faith (560 gold).
 16040 | D:13     | Bought an amulet of faith for 560 gold pieces
 16055 | D:13     | 16055 ||| INVOKING Heroism.
 16056 | D:13     | 16056 ||| INVOKING Finesse.
 16143 | D:13     | 16143 ||| INVOKING Heroism.
 16161 | D:13     | 16161 ||| RIP GAUNTLET
 16234 | D:13     | 16234 ||| PLANNING D
 16250 | D:13     | Reached XP level 15. HP: 96/96 MP: 22/22
 16338 | D:13     | 16338 ||| Stepping ~*~*~tactically~*~*~ (hiding).
 16339 | D:13     | 16339 ||| Stepping ~*~*~tactically~*~*~ (hiding).
 16578 | D:13     | 16578 ||| UPGRADING to amulet of faith.
 16588 | D:13     | 16588 ||| UPGRADING to +5 ring of evasion.
 16590 | D:13     | 16590 ||| DROPPING +6 ring of strength.
 16640 | D:14     | Noticed Snorg
 16644 | D:14     | 16644 ||| INVOKING Heroism.
 16654 | D:14     | Killed Snorg
 16943 | D:14     | 16943 ||| INVOKING Heroism.
 16955 | D:14     | Received a gift from Okawaru
 16969 | D:14     | Found a gate to the Vaults.
 17014 | D:14     | 17014 ||| Stepping ~*~*~tactically~*~*~ (hiding).
 17319 | D:14     | 17319 ||| Stepping ~*~*~tactically~*~*~ (hiding).
 17320 | D:14     | 17320 ||| Stepping ~*~*~tactically~*~*~ (hiding).
 17322 | D:14     | 17322 ||| Stepping ~*~*~tactically~*~*~ (hiding).
 17352 | D:14     | 17352 ||| INVOKING Heroism.
 17353 | D:14     | 17353 ||| INVOKING Finesse.
 17356 | D:14     | 17356 ||| SWAPPING to +0 morningstar.
 17363 | D:14     | 17363 ||| SWAPPING to +3 broad axe of Severance {freeze,
                  | *Slow rN+ rCorr Int+8}.
 17400 | D:14     | 17400 ||| DRINKING 8 potions of curing.
 17400 | D:14     | 17400 ||| (to cure confusion)
 17429 | D:14     | Found a corrupted altar of Lugonu.
 17543 | D:14     | 17543 ||| UPGRADING to +0 kite shield.
 17553 | D:14     | 17553 ||| DROPPING +0 buckler.
 17554 | D:14     | 17554 ||| READING scroll labelled FANWIMAUCE.
 17555 | D:14     | 17555 ||| READING scroll labelled ECRI ETHOLOYNK.
 17604 | D:15     | Entered Level 15 of the Dungeon
 17610 | D:15     | 17610 ||| INVOKING Heroism.
 17618 | D:15     | Received a gift from Okawaru
 17626 | D:15     | Reached skill level 9 in Shields
 17658 | D:15     | 17658 ||| DROPPING +0 morningstar.
 17659 | D:15     | 17659 ||| DROPPING +5 war axe.
 17740 | D:15     | 17740 ||| INVOKING Heroism.
 17771 | D:15     | 17771 ||| INVOKING Heroism.
 17821 | D:15     | Found a staircase to the Depths.
 18002 | D:15     | Found a blossoming altar of Fedhas.
 18026 | D:15     | Identified the +0 chain mail of the Desert {Harm} (Okawaru
                  | gifted it to you on level 15 of the Dungeon)
 18026 | D:15     | Received a gift from Okawaru
 18056 | D:15     | 18056 ||| Stepping ~*~*~tactically~*~*~ (hiding).
 18138 | D:15     | 18138 ||| Stepping ~*~*~tactically~*~*~ (hiding).
 18139 | D:15     | 18139 ||| Stepping ~*~*~tactically~*~*~ (hiding).
 18142 | D:15     | Found a runed translucent door.
 18187 | D:15     | 18187 ||| INVOKING Heroism.
 18427 | D:15     | 18427 ||| PLANNING ORC
 18427 | D:15     | 18427 ||| DROPPING +0 chain mail of the Desert {Harm}.
 18563 | Orc:1    | Entered Level 1 of the Orcish Mines
 18563 | Orc:1    | Noticed an orc warlord
 18564 | Orc:1    | 18564 ||| INVOKING Heroism.
 18565 | Orc:1    | 18565 ||| INVOKING Finesse.
 18583 | Orc:1    | Killed an orc warlord
 18635 | Orc:1    | 18635 ||| Stepping ~*~*~tactically~*~*~ (hiding).
 18636 | Orc:1    | 18636 ||| Stepping ~*~*~tactically~*~*~ (hiding).
 18639 | Orc:1    | 18639 ||| INVOKING Heroism.
 18674 | Orc:1    | 18674 ||| Stepping ~*~*~tactically~*~*~ (hiding).
 18679 | Orc:1    | 18679 ||| INVOKING Heroism.
 18892 | Orc:2    | Entered Level 2 of the Orcish Mines
 18908 | Orc:1    | 18908 ||| Stepping ~*~*~tactically~*~*~ (stealth).
 18946 | Orc:1    | 18946 ||| UPGRADING to +1 plate armour of fire resistance.
 18956 | Orc:1    | 18956 ||| DROPPING +1 plate armour.
 18987 | Orc:2    | 18987 ||| INVOKING Heroism.
 19025 | Orc:2    | 19025 ||| INVOKING Heroism.
 19028 | Orc:2    | Reached skill level 12 in Shields
 19051 | Orc:2    | Found Nounox's Weapon Shop.
 19051 | Orc:2    | Found Senkemn's Distillery.
 19051 | Orc:2    | Found Debroidgh's Armour Shoppe.
 19065 | Orc:2    | Found Lajonuyp's Antique Armour Boutique.
 19077 | Orc:2    | 19077 ||| DRINKING 7 potions of curing.
 19077 | Orc:2    | 19077 ||| (to cure confusion)
 19151 | Orc:2    | 19151 ||| BUYING 2 potions of lignification (78 gold).
 19151 | Orc:2    | Bought 2 potions of lignification for 78 gold pieces
 19151 | Orc:2    | 19151 ||| BUYING potion of attraction (39 gold).
 19151 | Orc:2    | Bought a potion of attraction for 39 gold pieces
 19151 | Orc:2    | 19151 ||| BUYING potion of curing (39 gold).
 19151 | Orc:2    | Bought a potion of curing for 39 gold pieces
 19151 | Orc:2    | 19151 ||| BUYING potion of lignification (39 gold).
 19151 | Orc:2    | Bought a potion of lignification for 39 gold pieces
 19151 | Orc:2    | 19151 ||| BUYING potion of mutation (104 gold).
 19151 | Orc:2    | Bought a potion of mutation for 104 gold pieces
 19151 | Orc:2    | 19151 ||| BUYING potion of mutation (104 gold).
 19151 | Orc:2    | Bought a potion of mutation for 104 gold pieces
 19154 | Orc:2    | 19154 ||| BUYING glowing chain mail (187 gold).
 19154 | Orc:2    | Bought a glowing chain mail for 187 gold pieces
 19154 | Orc:2    | 19154 ||| BUYING pair of glowing gloves (187 gold).
 19154 | Orc:2    | Bought a pair of glowing gloves for 187 gold pieces
 19154 | Orc:2    | 19154 ||| SHOPLISTING runed chain mail (187 gold, have 97).
 19159 | Orc:2    | 19159 ||| SHOPLISTING +2 plate armour of positive energy
                  | (370 gold, have 97).
 19191 | Orc:2    | 19191 ||| UPGRADING to +2 pair of gloves of stealth.
 19201 | Orc:2    | 19201 ||| DROPPING +1 pair of gloves.
 19447 | Orc:2    | 19447 ||| Stepping ~*~*~tactically~*~*~ (hiding).
 19448 | Orc:2    | 19448 ||| Stepping ~*~*~tactically~*~*~ (hiding).
 19589 | Orc:2    | Found a staircase to the Elven Halls.
 19603 | Orc:2    | 19603 ||| Stepping ~*~*~tactically~*~*~ (stealth).
 19689 | Orc:2    | Noticed Jorgrun
 19690 | Orc:2    | 19690 ||| INVOKING Heroism.
 19700 | Orc:2    | Killed Jorgrun
 19701 | Orc:2    | Reached XP level 16. HP: 101/101 MP: 21/23
 19880 | Orc:2    | 19880 ||| PLANNING SNAKE:1-3
 20004 | Snake:1  | Entered Level 1 of the Snake Pit
 20136 | Snake:1  | 20136 ||| Stepping ~*~*~tactically~*~*~ (hiding).
 20138 | Snake:1  | 20138 ||| Stepping ~*~*~tactically~*~*~ (hiding).
 20140 | Snake:1  | 20140 ||| Stepping ~*~*~tactically~*~*~ (hiding).
 20296 | Snake:1  | 20296 ||| Stepping ~*~*~tactically~*~*~ (hiding).
 20300 | Snake:1  | 20300 ||| INVOKING Heroism.
 20307 | Snake:1  | Received a gift from Okawaru
 20330 | Snake:1  | 20330 ||| Stepping ~*~*~tactically~*~*~ (stealth).
 20370 | Snake:1  | 20370 ||| Stepping ~*~*~tactically~*~*~ (hiding).
 20383 | Snake:1  | 20383 ||| INVOKING Heroism.
 20387 | Snake:1  | Received a gift from Okawaru
 20443 | Snake:1  | Reached skill level 3 in Dodging
 20456 | Snake:1  | Found Heac's Antique Armour Boutique.
 20456 | Snake:1  | Found Huwkur's General Store.
 20474 | Snake:1  | 20474 ||| BUYING potion of curing (45 gold).
 20474 | Snake:1  | Bought a potion of curing for 45 gold pieces
 20474 | Snake:1  | 20474 ||| BUYING potion of resistance (150 gold).
 20474 | Snake:1  | Bought a potion of resistance for 150 gold pieces
 20480 | Snake:1  | 20480 ||| BUYING embroidered hat (266 gold).
 20480 | Snake:1  | Bought an embroidered hat for 266 gold pieces
 20480 | Snake:1  | 20480 ||| SHOPLISTING polished chain mail (361 gold, have
                  | 127).
 20480 | Snake:1  | 20480 ||| SHOPLISTING shiny helmet (285 gold, have 127).
 20638 | Snake:1  | 20638 ||| Stepping ~*~*~tactically~*~*~ (hiding).
 20843 | Snake:1  | 20843 ||| DROPPING +2 hat of stealth.
 20844 | Snake:1  | 20844 ||| DROPPING ring of see invisible.
 20864 | Snake:2  | Noticed a nagaraja
 20865 | Snake:2  | 20865 ||| Stepping ~*~*~tactically~*~*~ (hiding).
 20867 | Snake:2  | 20867 ||| INVOKING Heroism.
 20872 | Snake:2  | 20872 ||| Stepping ~*~*~tactically~*~*~ (hiding).
 20880 | Snake:2  | Killed a nagaraja
 20880 | Snake:2  | Identified the +4 quarterstaff of Welfare {heavy, Str+5}
                  | (Okawaru gifted it to you on level 2 of the Snake Pit)
 20880 | Snake:2  | Received a gift from Okawaru
 21025 | Snake:2  | 21025 ||| Stepping ~*~*~tactically~*~*~ (hiding).
 21027 | Snake:2  | 21027 ||| Stepping ~*~*~tactically~*~*~ (hiding).
 21058 | Snake:2  | 21058 ||| Stepping ~*~*~tactically~*~*~ (hiding).
 21075 | Snake:2  | Reached skill level 12 in Armour
 21089 | Snake:2  | 21089 ||| INVOKING Heroism.
 21345 | Snake:2  | 21345 ||| Stepping ~*~*~tactically~*~*~ (hiding).
 21562 | Snake:2  | 21562 ||| Stepping ~*~*~tactically~*~*~ (hiding).
 21575 | Snake:2  | 21575 ||| Stepping ~*~*~tactically~*~*~ (hiding).
 21576 | Snake:2  | 21576 ||| Stepping ~*~*~tactically~*~*~ (hiding).
 21603 | Snake:2  | 21603 ||| Stepping ~*~*~tactically~*~*~ (hiding).
 21625 | Snake:2  | 21625 ||| Stepping ~*~*~tactically~*~*~ (hiding).
 21629 | Snake:2  | 21629 ||| Stepping ~*~*~tactically~*~*~ (hiding).
 21630 | Snake:2  | 21630 ||| Stepping ~*~*~tactically~*~*~ (hiding).
 21632 | Snake:2  | 21632 ||| Stepping ~*~*~tactically~*~*~ (hiding).
 21633 | Snake:2  | 21633 ||| Stepping ~*~*~tactically~*~*~ (hiding).
 21636 | Snake:2  | 21636 ||| Stepping ~*~*~tactically~*~*~ (hiding).
 21637 | Snake:2  | 21637 ||| Stepping ~*~*~tactically~*~*~ (hiding).
 21639 | Snake:2  | 21639 ||| Stepping ~*~*~tactically~*~*~ (hiding).
 21640 | Snake:2  | 21640 ||| Stepping ~*~*~tactically~*~*~ (hiding).
 21642 | Snake:2  | 21642 ||| INVOKING Heroism.
 21695 | Snake:2  | 21695 ||| Stepping ~*~*~tactically~*~*~ (hiding).
 21696 | Snake:2  | 21696 ||| Stepping ~*~*~tactically~*~*~ (hiding).
 21707 | Snake:2  | Received a gift from Okawaru
 21720 | Snake:2  | 21720 ||| FLEEEEING.
 21721 | Snake:2  | 21721 ||| FLEEEEING.
 21722 | Snake:2  | 21722 ||| FLEEEEING.
 21723 | Snake:2  | 21723 ||| FLEEEEING.
 21724 | Snake:2  | 21724 ||| FLEEEEING.
 21725 | Snake:2  | 21725 ||| FLEEEEING.
 21726 | Snake:2  | 21726 ||| FLEEEEING.
 21727 | Snake:2  | 21727 ||| FLEEEEING.
 21728 | Snake:2  | 21728 ||| FLEEEEING.
 21729 | Snake:2  | 21729 ||| FLEEEEING.
 21740 | Snake:2  | 21740 ||| FLEEEEING.
 21741 | Snake:2  | 21741 ||| FLEEEEING.
 21742 | Snake:2  | 21742 ||| STAIRDANCE
 21844 | Snake:1  | 21844 ||| UPGRADING to +2 kite shield of cold resistance.
 21854 | Snake:1  | 21854 ||| DROPPING +0 kite shield.
 21857 | Snake:2  | 21857 ||| INVOKING Heroism.
 22048 | Snake:2  | Received a gift from Okawaru
 22094 | Snake:2  | 22094 ||| Stepping ~*~*~tactically~*~*~ (hiding).
 22250 | Snake:2  | 22250 ||| INVOKING Heroism.
 22258 | Snake:2  | Reached skill level 18 in Axes
 22563 | Snake:3  | 22563 ||| INVOKING Heroism.
 22587 | Snake:3  | 22587 ||| Stepping ~*~*~tactically~*~*~ (hiding).
 22652 | Snake:3  | Reached XP level 17. HP: 109/109 MP: 24/24
 22671 | Snake:3  | Received a gift from Okawaru
 22671 | Snake:3  | Reached ****** piety under Okawaru
 22677 | Snake:3  | 22677 ||| INVOKING Heroism.
 22701 | Snake:3  | 22701 ||| INVOKING Heroism.
 22713 | Snake:3  | 22713 ||| Stepping ~*~*~tactically~*~*~ (hiding).
 22754 | Snake:3  | Received a gift from Okawaru
 22848 | Snake:3  | 22848 ||| Stepping ~*~*~tactically~*~*~ (hiding).
 22917 | Snake:3  | Found Poaxky's Jewellery Shop.
 22925 | Snake:3  | 22925 ||| SHOPLISTING ring of protection from cold (400
                  | gold, have 207).
 22925 | Snake:3  | 22925 ||| SHOPLISTING ring of resist corrosion (320 gold,
                  | have 207).
 22925 | Snake:3  | 22925 ||| SHOPLISTING ring of the Secret Suns {rF+ MP+9}
                  | (544 gold, have 207).
 22934 | Snake:3  | 22934 ||| Stepping ~*~*~tactically~*~*~ (hiding).
 22991 | Snake:3  | 22991 ||| INVOKING Heroism.
 22994 | Snake:3  | 22994 ||| Stepping ~*~*~tactically~*~*~ (stealth).
 23130 | Snake:3  | Identified the +6 chain mail of the Accordion {Str+2}
 23399 | Snake:3  | 23399 ||| Stepping ~*~*~tactically~*~*~ (hiding).
 23401 | Snake:3  | 23401 ||| INVOKING Heroism.
 23892 | Snake:3  | 23892 ||| PLANNING SHOALS:1-3
 24002 | Shoals:1 | Entered Level 1 of the Shoals
 24030 | Shoals:1 | 24030 ||| Stepping ~*~*~tactically~*~*~ (hiding).
 24031 | Shoals:1 | 24031 ||| Stepping ~*~*~tactically~*~*~ (hiding).
 24032 | Shoals:1 | 24032 ||| Stepping ~*~*~tactically~*~*~ (hiding).
 24058 | Shoals:1 | 24058 ||| INVOKING Heroism.
 24186 | Shoals:1 | 24186 ||| Stepping ~*~*~tactically~*~*~ (hiding).
 24187 | Shoals:1 | 24187 ||| Stepping ~*~*~tactically~*~*~ (hiding).
 24189 | Shoals:1 | 24189 ||| Stepping ~*~*~tactically~*~*~ (hiding).
 24356 | Shoals:1 | Noticed Louise
 24375 | Shoals:1 | Killed Louise
 24375 | Shoals:1 | Received a gift from Okawaru
 24607 | Shoals:1 | 24607 ||| Stepping ~*~*~tactically~*~*~ (hiding).
 24608 | Shoals:1 | 24608 ||| Stepping ~*~*~tactically~*~*~ (hiding).
 24666 | Shoals:1 | 24666 ||| Stepping ~*~*~tactically~*~*~ (hiding).
 24667 | Shoals:1 | 24667 ||| Stepping ~*~*~tactically~*~*~ (hiding).
 24952 | Shoals:1 | 24952 ||| DROPPING +3 chain mail of cold resistance.
 24953 | Shoals:1 | 24953 ||| DROPPING +0 kite shield of fire resistance.
 24954 | Shoals:1 | 24954 ||| UPGRADING to +2 helmet of see invisible.
 24964 | Shoals:1 | 24964 ||| DROPPING +2 helmet.
 24965 | Shoals:1 | 24965 ||| UPGRADING to +0 tower shield.
 24975 | Shoals:1 | 24975 ||| DROPPING +2 kite shield of cold resistance.
 25024 | Shoals:2 | Noticed Frances
 25025 | Shoals:2 | 25025 ||| INVOKING Heroism.
 25026 | Shoals:2 | 25026 ||| INVOKING Finesse.
 25051 | Shoals:2 | Killed Frances
 25118 | Shoals:2 | 25118 ||| Stepping ~*~*~tactically~*~*~ (hiding).
 25119 | Shoals:2 | 25119 ||| Stepping ~*~*~tactically~*~*~ (hiding).
 25202 | Shoals:2 | 25202 ||| INVOKING Heroism.
 25226 | Shoals:2 | Noticed Polyphemus
 25227 | Shoals:2 | 25227 ||| INVOKING Finesse.
 25228 | Shoals:2 | 25228 ||| INVOKING Heroism.
 25241 | Shoals:2 | Killed Polyphemus
 25288 | Shoals:2 | 25288 ||| DROPPING +2 war axe of draining.
 25312 | Shoals:2 | 25312 ||| DROPPING +1 war axe of freezing.
 25531 | Shoals:2 | 25531 ||| READING scroll of enchant armour.
 25531 | Shoals:2 | 25531 ||| ENCHANTING +1 plate armour of fire resistance.
 25574 | Shoals:2 | 25574 ||| INVOKING Heroism.
 25580 | Shoals:2 | Reached skill level 15 in Shields
 25651 | Shoals:2 | Found Lipsehop's Firing Range.
 25844 | Shoals:3 | Identified the +9 long sword of Wounding {flame, +Blink rN+
                  | Will+ Str-4}
 25947 | Shoals:3 | 25947 ||| INVOKING Heroism.
 25985 | Shoals:3 | 25985 ||| INVOKING Heroism.
 26052 | Shoals:3 | 26052 ||| INVOKING Heroism.
 26088 | Shoals:3 | 26088 ||| Stepping ~*~*~tactically~*~*~ (hiding).
 26089 | Shoals:3 | 26089 ||| Stepping ~*~*~tactically~*~*~ (hiding).
 26232 | Shoals:3 | 26232 ||| Stepping ~*~*~tactically~*~*~ (stealth).
 26234 | Shoals:3 | 26234 ||| Stepping ~*~*~tactically~*~*~ (hiding).
 26235 | Shoals:3 | 26235 ||| INVOKING Heroism.
 26236 | Shoals:3 | 26236 ||| Stepping ~*~*~tactically~*~*~ (hiding).
 26238 | Shoals:3 | 26238 ||| INVOKING Finesse.
 26287 | Shoals:3 | Noticed Ilsuiw
 26288 | Shoals:3 | 26288 ||| INVOKING Heroism.
 26305 | Shoals:3 | 26305 ||| INVOKING Finesse.
 26313 | Shoals:3 | Killed Ilsuiw
 26324 | Shoals:3 | Reached XP level 18. HP: 117/117 MP: 20/25
 26410 | Shoals:3 | 26410 ||| Stepping ~*~*~tactically~*~*~ (hiding).
 26411 | Shoals:3 | 26411 ||| Stepping ~*~*~tactically~*~*~ (hiding).
 26413 | Shoals:3 | 26413 ||| Stepping ~*~*~tactically~*~*~ (hiding).
 26414 | Shoals:3 | 26414 ||| Stepping ~*~*~tactically~*~*~ (hiding).
 26417 | Shoals:3 | 26417 ||| Stepping ~*~*~tactically~*~*~ (hiding).
 26838 | Shoals:3 | 26838 ||| PLANNING SNAKE:4
 26838 | Shoals:3 | 26838 ||| DROPPING +2 pair of gloves.
 26960 | Snake:4  | Entered Level 4 of the Snake Pit
 27047 | Snake:4  | Noticed Roxanne
 27048 | Snake:4  | 27048 ||| INVOKING Heroism.
 27049 | Snake:4  | 27049 ||| INVOKING Finesse.
 27091 | Snake:4  | Killed Roxanne
 27287 | Snake:4  | 27287 ||| Stepping ~*~*~tactically~*~*~ (hiding).
 27293 | Snake:4  | 27293 ||| Stepping ~*~*~tactically~*~*~ (hiding).
 27329 | Snake:4  | 27329 ||| Stepping ~*~*~tactically~*~*~ (hiding).
 27341 | Snake:4  | 27341 ||| Stepping ~*~*~tactically~*~*~ (hiding).
 27345 | Snake:4  | 27345 ||| INVOKING Heroism.
 27374 | Snake:4  | Received a gift from Okawaru
 27386 | Snake:4  | 27386 ||| INVOKING Heroism.
 27443 | Snake:4  | 27443 ||| INVOKING Heroism.
 27457 | Snake:4  | 27457 ||| Stepping ~*~*~tactically~*~*~ (stealth).
 27459 | Snake:4  | 27459 ||| Stepping ~*~*~tactically~*~*~ (hiding).
 27460 | Snake:4  | 27460 ||| Stepping ~*~*~tactically~*~*~ (hiding).
 27461 | Snake:4  | 27461 ||| Stepping ~*~*~tactically~*~*~ (hiding).
 27687 | Snake:4  | 27687 ||| Stepping ~*~*~tactically~*~*~ (hiding).
 27702 | Snake:4  | 27702 ||| Stepping ~*~*~tactically~*~*~ (hiding).
 27705 | Snake:4  | 27705 ||| INVOKING Heroism.
 27724 | Snake:4  | Reached skill level 18 in Shields
 27949 | Snake:4  | 27949 ||| Stepping ~*~*~tactically~*~*~ (hiding).
 27971 | Snake:4  | 27971 ||| Stepping ~*~*~tactically~*~*~ (hiding).
 28067 | Snake:4  | Identified the +1 ring mail of Insurance {rF- rN+ rCorr
                  | Dex+6} (Okawaru gifted it to you on level 4 of the Snake
                  | Pit)
 28067 | Snake:4  | Received a gift from Okawaru
 28072 | Snake:4  | Reached skill level 15 in Fighting
 28224 | Snake:4  | 28224 ||| Stepping ~*~*~tactically~*~*~ (hiding).
 28235 | Snake:4  | 28235 ||| Stepping ~*~*~tactically~*~*~ (hiding).
 28236 | Snake:4  | 28236 ||| Stepping ~*~*~tactically~*~*~ (hiding).
 28247 | Snake:4  | 28247 ||| Stepping ~*~*~tactically~*~*~ (hiding).
 28441 | Snake:4  | Got a serpentine rune of Zot
 28459 | Snake:4  | 28459 ||| PLANNING VAULTS:1-4
 28459 | Snake:4  | 28459 ||| UPGRADING to +1 tower shield of reflection.
 28469 | Snake:4  | 28469 ||| DROPPING +0 tower shield.
 28767 | Vaults:1 | Entered Level 1 of the Vaults
 28768 | Vaults:1 | 28768 ||| INVOKING Heroism.
 28769 | Vaults:1 | 28769 ||| INVOKING Finesse.
 28832 | Vaults:1 | Found Ypret's Weapon Boutique.
 28842 | Vaults:1 | 28842 ||| INVOKING Finesse.
 28928 | Vaults:1 | 28928 ||| INVOKING Heroism.
 28929 | Vaults:1 | 28929 ||| INVOKING Finesse.
 28933 | Vaults:1 | 28933 ||| Stepping ~*~*~tactically~*~*~ (stealth).
 28940 | Vaults:1 | 28940 ||| Stepping ~*~*~tactically~*~*~ (stealth).
 28946 | Vaults:1 | 28946 ||| Stepping ~*~*~tactically~*~*~ (hiding).
 28971 | Vaults:1 | 28971 ||| INVOKING Heroism.
 28982 | Vaults:1 | 28982 ||| Stepping ~*~*~tactically~*~*~ (hiding).
 29159 | Vaults:1 | Reached skill level 9 in Throwing
 29223 | Vaults:1 | 29223 ||| Stepping ~*~*~tactically~*~*~ (stealth).
 29225 | Vaults:1 | 29225 ||| Stepping ~*~*~tactically~*~*~ (hiding).
 29275 | Vaults:1 | Paralysed by a great orb of eyes for 3 turns
 29278 | Vaults:1 | 29278 ||| Stepping ~*~*~tactically~*~*~ (hiding).
 29340 | Vaults:1 | 29340 ||| INVOKING Heroism.
 29410 | Vaults:1 | Identified the +4 arbalest of the Hierophant {penet,
                  | Fragile rC+ Will++ SInv}
 29445 | Vaults:1 | 29445 ||| Stepping ~*~*~tactically~*~*~ (stealth).
 29569 | Vaults:1 | 29569 ||| FLEEEEING.
 29570 | Vaults:1 | 29570 ||| FLEEEEING.
 29571 | Vaults:1 | 29571 ||| FLEEEEING.
 29572 | Vaults:1 | 29572 ||| FLEEEEING.
 29573 | Vaults:1 | 29573 ||| FLEEEEING.
 29574 | Vaults:1 | 29574 ||| FLEEEEING.
 29575 | Vaults:1 | 29575 ||| FLEEEEING.
 29576 | Vaults:1 | 29576 ||| FLEEEEING.
 29577 | Vaults:1 | 29577 ||| FLEEEEING.
 29578 | Vaults:1 | 29578 ||| FLEEEEING.
 29579 | Vaults:1 | 29579 ||| FLEEEEING.
 29580 | Vaults:1 | 29580 ||| FLEEEEING.
 29581 | Vaults:1 | 29581 ||| FLEEEEING.
 29582 | Vaults:1 | 29582 ||| FLEEEEING.
 29583 | Vaults:1 | 29583 ||| FLEEEEING.
 29598 | Vaults:1 | Reached XP level 19. HP: 110/124 MP: 26/26
 29608 | Vaults:1 | Noticed Asterion
 29609 | Vaults:1 | 29609 ||| INVOKING Heroism.
 29633 | Vaults:1 | Killed Asterion
 29778 | Vaults:1 | 29778 ||| INVOKING Heroism.
 29789 | Vaults:1 | 29789 ||| DRINKING 10 potions of curing.
 29789 | Vaults:1 | 29789 ||| (to cure confusion)
 29849 | Vaults:1 | Identified the ring "Ycoloi" {rCorr Str+2 Dex+4}
 30107 | Vaults:1 | 30107 ||| FLEEEEING.
 30108 | Vaults:1 | 30108 ||| FLEEEEING.
 30109 | Vaults:1 | 30109 ||| FLEEEEING.
 30110 | Vaults:1 | 30110 ||| FLEEEEING.
 30111 | Vaults:1 | 30111 ||| FLEEEEING.
 30112 | Vaults:1 | 30112 ||| FLEEEEING.
 30113 | Vaults:1 | 30113 ||| FLEEEEING.
 30114 | Vaults:1 | 30114 ||| FLEEEEING.
 30115 | Vaults:1 | 30115 ||| FLEEEEING.
 30116 | Vaults:1 | 30116 ||| FLEEEEING.
 30117 | Vaults:1 | 30117 ||| FLEEEEING.
 30118 | Vaults:1 | 30118 ||| FLEEEEING.
 30119 | Vaults:1 | 30119 ||| FLEEEEING.
 30120 | Vaults:1 | 30120 ||| FLEEEEING.
 30121 | Vaults:1 | 30121 ||| FLEEEEING.
 30122 | Vaults:1 | 30122 ||| FLEEEEING.
 30123 | Vaults:1 | 30123 ||| FLEEEEING.
 30124 | Vaults:1 | 30124 ||| FLEEEEING.
 30125 | Vaults:1 | 30125 ||| FLEEEEING.
 30126 | Vaults:1 | 30126 ||| FLEEEEING.
 30127 | Vaults:1 | 30127 ||| FLEEEEING.
 30128 | Vaults:1 | 30128 ||| FLEEEEING.
 30142 | Vaults:1 | 30142 ||| FLEEEEING.
 30143 | Vaults:1 | 30143 ||| FLEEEEING.
 30144 | Vaults:1 | 30144 ||| STAIRDANCE
 30348 | Vaults:1 | 30348 ||| STAIRDANCE
 30615 | Vaults:2 | 30615 ||| Stepping ~*~*~tactically~*~*~ (hiding).
 30616 | Vaults:2 | 30616 ||| Stepping ~*~*~tactically~*~*~ (hiding).
 30618 | Vaults:2 | 30618 ||| Stepping ~*~*~tactically~*~*~ (hiding).
 30619 | Vaults:2 | 30619 ||| Stepping ~*~*~tactically~*~*~ (hiding).
 30625 | Vaults:2 | Received a gift from Okawaru
 30708 | Vaults:2 | 30708 ||| Stepping ~*~*~tactically~*~*~ (hiding).
 30709 | Vaults:2 | 30709 ||| Stepping ~*~*~tactically~*~*~ (hiding).
 30714 | Vaults:2 | 30714 ||| Stepping ~*~*~tactically~*~*~ (hiding).
 30715 | Vaults:2 | 30715 ||| Stepping ~*~*~tactically~*~*~ (hiding).
 30718 | Vaults:2 | 30718 ||| Stepping ~*~*~tactically~*~*~ (hiding).
 30719 | Vaults:2 | Noticed Sojobo
 30720 | Vaults:2 | 30720 ||| INVOKING Heroism.
 30721 | Vaults:2 | 30721 ||| INVOKING Finesse.
 30727 | Vaults:2 | Received a gift from Okawaru
 30742 | Vaults:2 | Killed Sojobo
 30814 | Vaults:2 | Received a gift from Okawaru
 30922 | Vaults:2 | 30922 ||| Stepping ~*~*~tactically~*~*~ (hiding).
 30923 | Vaults:2 | 30923 ||| Stepping ~*~*~tactically~*~*~ (hiding).
 30924 | Vaults:2 | 30924 ||| Stepping ~*~*~tactically~*~*~ (hiding).
 30925 | Vaults:2 | 30925 ||| Stepping ~*~*~tactically~*~*~ (hiding).
 30926 | Vaults:2 | 30926 ||| Stepping ~*~*~tactically~*~*~ (hiding).
 30927 | Vaults:2 | 30927 ||| Stepping ~*~*~tactically~*~*~ (hiding).
 30928 | Vaults:2 | 30928 ||| Stepping ~*~*~tactically~*~*~ (hiding).
 30931 | Vaults:2 | 30931 ||| INVOKING Heroism.
 30932 | Vaults:2 | 30932 ||| INVOKING Finesse.
 30999 | Vaults:2 | 30999 ||| Stepping ~*~*~tactically~*~*~ (stealth).
 31150 | Vaults:2 | 31150 ||| INVOKING Heroism.
 31163 | Vaults:2 | Reached skill level 15 in Armour
 31170 | Vaults:2 | Received a gift from Okawaru
 31224 | Vaults:2 | 31224 ||| INVOKING Heroism.
 31355 | Vaults:2 | 31355 ||| INVOKING Heroism.
 31428 | Vaults:2 | 31428 ||| FLEEEEING.
 31432 | Vaults:2 | 31432 ||| FLEEEEING.
 31433 | Vaults:2 | 31433 ||| FLEEEEING.
 31434 | Vaults:2 | 31434 ||| FLEEEEING.
 31435 | Vaults:2 | 31435 ||| FLEEEEING.
 31436 | Vaults:2 | 31436 ||| FLEEEEING.
 31437 | Vaults:2 | 31437 ||| FLEEEEING.
 31438 | Vaults:2 | 31438 ||| FLEEEEING.
 31439 | Vaults:2 | 31439 ||| FLEEEEING.
 31448 | Vaults:2 | 31448 ||| FLEEEEING.
 31449 | Vaults:2 | 31449 ||| FLEEEEING.
 31450 | Vaults:2 | 31450 ||| FLEEEEING.
 31451 | Vaults:2 | 31451 ||| FLEEEEING.
 31452 | Vaults:2 | 31452 ||| FLEEEEING.
 31453 | Vaults:2 | 31453 ||| FLEEEEING.
 31454 | Vaults:2 | 31454 ||| FLEEEEING.
 31485 | Vaults:2 | 31485 ||| INVOKING Heroism.
 31489 | Vaults:2 | Received a gift from Okawaru
 31754 | Vaults:2 | Found Agyo's Armour Emporium.
 31840 | Vaults:2 | 31840 ||| INVOKING Heroism.
 31871 | Vaults:2 | Received a gift from Okawaru
 31873 | Vaults:2 | 31873 ||| Stepping ~*~*~tactically~*~*~ (stealth).
 31875 | Vaults:2 | 31875 ||| Stepping ~*~*~tactically~*~*~ (stealth).
 32001 | Vaults:2 | 32001 ||| Stepping ~*~*~tactically~*~*~ (hiding).
 32002 | Vaults:2 | 32002 ||| Stepping ~*~*~tactically~*~*~ (hiding).
 32122 | Vaults:2 | Received a gift from Okawaru
 32359 | Vaults:2 | 32359 ||| INVOKING Heroism.
 32405 | Vaults:2 | Noticed a Hell Sentinel
 32406 | Vaults:2 | Found a transporter.
 32412 | Vaults:2 | Noticed Tang's ghost (master DsGl)
 32436 | Vaults:2 | Found a one-way gate to the infinite horrors of the Abyss.
 32437 | Vaults:2 | Found a transporter.
 32441 | Vaults:2 | Noticed a profane servitor
 32573 | Vaults:3 | 32573 ||| FLEEEEING.
 32574 | Vaults:3 | 32574 ||| FLEEEEING.
 32575 | Vaults:3 | 32575 ||| FLEEEEING.
 32576 | Vaults:3 | 32576 ||| FLEEEEING.
 32577 | Vaults:3 | 32577 ||| STAIRDANCE
 32682 | Vaults:3 | 32682 ||| STAIRDANCE
 32915 | Vaults:3 | Received a gift from Okawaru
 33036 | Vaults:3 | 33036 ||| Stepping ~*~*~tactically~*~*~ (hiding).
 33037 | Vaults:3 | 33037 ||| Stepping ~*~*~tactically~*~*~ (hiding).
 33100 | Vaults:3 | Received a gift from Okawaru
 33165 | Vaults:3 | 33165 ||| INVOKING Heroism.
 33166 | Vaults:3 | 33166 ||| INVOKING Finesse.
 33233 | Vaults:3 | Reached XP level 20. HP: 134/134 MP: 27/27
 33248 | Vaults:3 | 33248 ||| Stepping ~*~*~tactically~*~*~ (stealth).
 33270 | Vaults:3 | 33270 ||| Stepping ~*~*~tactically~*~*~ (stealth).
 33297 | Vaults:3 | 33297 ||| INVOKING Heroism.
 33299 | Vaults:3 | Received a gift from Okawaru
 33445 | Vaults:3 | 33445 ||| INVOKING Heroism.
 33538 | Vaults:3 | Received a gift from Okawaru
 33592 | Vaults:3 | 33592 ||| DROPPING 4 boomerangs of dispersal.
 33592 | Vaults:3 | Noticed an ancient lich
 33593 | Vaults:3 | 33593 ||| Stepping ~*~*~tactically~*~*~ (hiding).
 33595 | Vaults:3 | 33595 ||| Stepping ~*~*~tactically~*~*~ (hiding).
 33598 | Vaults:3 | 33598 ||| INVOKING Heroism.
 33600 | Vaults:3 | 33600 ||| INVOKING Finesse.
 33618 | Vaults:3 | Killed an ancient lich
 33619 | Vaults:3 | Reached skill level 18 in Fighting
 33704 | Vaults:3 | Identified the staff of poison "Angaqyun" {rElec rPois rF+
                  | rC+ Dex-3}
 33741 | Vaults:3 | 33741 ||| Stepping ~*~*~tactically~*~*~ (hiding).
 33743 | Vaults:3 | 33743 ||| Stepping ~*~*~tactically~*~*~ (hiding).
 33744 | Vaults:3 | 33744 ||| Stepping ~*~*~tactically~*~*~ (hiding).
 33745 | Vaults:3 | 33745 ||| Stepping ~*~*~tactically~*~*~ (hiding).
 33746 | Vaults:3 | 33746 ||| Stepping ~*~*~tactically~*~*~ (hiding).
 33747 | Vaults:3 | 33747 ||| Stepping ~*~*~tactically~*~*~ (hiding).
 33748 | Vaults:3 | 33748 ||| Stepping ~*~*~tactically~*~*~ (hiding).
 33749 | Vaults:3 | 33749 ||| Stepping ~*~*~tactically~*~*~ (hiding).
 33756 | Vaults:3 | Noticed Nikola
 33770 | Vaults:3 | 33770 ||| INVOKING Heroism.
 33775 | Vaults:3 | Killed Nikola
 33795 | Vaults:3 | 33795 ||| INVOKING Heroism.
 33804 | Vaults:3 | Received a gift from Okawaru
 33813 | Vaults:3 | 33813 ||| FLEEEEING.
 33814 | Vaults:3 | 33814 ||| FLEEEEING.
 33815 | Vaults:3 | 33815 ||| FLEEEEING.
 33913 | Vaults:3 | 33913 ||| INVOKING Heroism.
 34129 | Vaults:3 | Received a gift from Okawaru
 34133 | Vaults:3 | 34133 ||| INVOKING Heroism.
 34257 | Vaults:3 | Received a gift from Okawaru
 34535 | Vaults:3 | Found a staircase to the Crypt.
 34535 | Vaults:3 | Found an ancient bone altar of Kikubaaqudgha.
 34536 | Vaults:3 | Found a basalt altar of Yredelemnul.
 34640 | Vaults:3 | 34640 ||| DROPPING +6 ring of intelligence.
 34641 | Vaults:3 | 34641 ||| DROPPING 21 boomerangs.
 34687 | Vaults:4 | 34687 ||| Stepping ~*~*~tactically~*~*~ (hiding).
 34688 | Vaults:4 | 34688 ||| Stepping ~*~*~tactically~*~*~ (hiding).
 34689 | Vaults:4 | 34689 ||| Stepping ~*~*~tactically~*~*~ (hiding).
 34829 | Vaults:4 | 34829 ||| Stepping ~*~*~tactically~*~*~ (hiding).
 34830 | Vaults:4 | 34830 ||| Stepping ~*~*~tactically~*~*~ (hiding).
 34832 | Vaults:4 | 34832 ||| Stepping ~*~*~tactically~*~*~ (hiding).
 34847 | Vaults:4 | 34847 ||| Stepping ~*~*~tactically~*~*~ (hiding).
 34879 | Vaults:4 | 34879 ||| Stepping ~*~*~tactically~*~*~ (stealth).
 34978 | Vaults:4 | Received a gift from Okawaru
 35013 | Vaults:4 | Received a gift from Okawaru
 35031 | Vaults:4 | 35031 ||| Stepping ~*~*~tactically~*~*~ (hiding).
 35261 | Vaults:4 | 35261 ||| Stepping ~*~*~tactically~*~*~ (stealth).
 35318 | Vaults:4 | 35318 ||| INVOKING Heroism.
 35329 | Vaults:4 | Identified the +2 pair of boots of Aqinkohe {Harm *Corrode
                  | rN+} (Okawaru gifted it to you on level 4 of the Vaults)
 35329 | Vaults:4 | Received a gift from Okawaru
 35330 | Vaults:4 | Reached XP level 21. HP: 75/144 MP: 26/28
 35367 | Vaults:4 | HP: 33/144 [orc warrior/+0 halberd[Saint Roka] (11)]
 35368 | Vaults:4 | 35368 ||| READING 13 scrolls of teleportation.
 35369 | Vaults:4 | 35369 ||| DRINKING 11 potions of heal wounds.
 35372 | Vaults:4 | 35372 ||| DRINKING 10 potions of heal wounds.
 35466 | Vaults:4 | Noticed Saint Roka
 35487 | Vaults:4 | 35487 ||| Stepping ~*~*~tactically~*~*~ (hiding).
 35505 | Vaults:4 | 35505 ||| INVOKING Heroism.
 35513 | Vaults:4 | Killed Saint Roka
 35632 | Vaults:4 | 35632 ||| Stepping ~*~*~tactically~*~*~ (stealth).
 35772 | Vaults:4 | 35772 ||| Stepping ~*~*~tactically~*~*~ (stealth).
 35999 | Vaults:4 | 35999 ||| FLEEEEING.
 36000 | Vaults:4 | 36000 ||| FLEEEEING.
 36001 | Vaults:4 | 36001 ||| FLEEEEING.
 36003 | Vaults:4 | 36003 ||| FLEEEEING.
 36004 | Vaults:4 | 36004 ||| FLEEEEING.
 36005 | Vaults:4 | 36005 ||| FLEEEEING.
 36006 | Vaults:4 | 36006 ||| FLEEEEING.
 36007 | Vaults:4 | 36007 ||| FLEEEEING.
 36008 | Vaults:4 | 36008 ||| FLEEEEING.
 36009 | Vaults:4 | 36009 ||| FLEEEEING.
 36010 | Vaults:4 | 36010 ||| FLEEEEING.
 36011 | Vaults:4 | 36011 ||| FLEEEEING.
 36012 | Vaults:4 | 36012 ||| FLEEEEING.
 36013 | Vaults:4 | 36013 ||| FLEEEEING.
 36014 | Vaults:4 | 36014 ||| FLEEEEING.
 36015 | Vaults:4 | 36015 ||| FLEEEEING.
 36018 | Vaults:4 | 36018 ||| FLEEEEING.
 36019 | Vaults:4 | 36019 ||| FLEEEEING.
 36020 | Vaults:4 | 36020 ||| FLEEEEING.
 36021 | Vaults:4 | 36021 ||| FLEEEEING.
 36022 | Vaults:4 | 36022 ||| FLEEEEING.
 36023 | Vaults:4 | 36023 ||| FLEEEEING.
 36024 | Vaults:4 | 36024 ||| FLEEEEING.
 36025 | Vaults:4 | 36025 ||| FLEEEEING.
 36026 | Vaults:4 | 36026 ||| FLEEEEING.
 36032 | Vaults:4 | 36032 ||| FLEEEEING.
 36033 | Vaults:4 | 36033 ||| FLEEEEING.
 36034 | Vaults:4 | 36034 ||| FLEEEEING.
 36036 | Vaults:4 | 36036 ||| FLEEEEING.
 36037 | Vaults:4 | 36037 ||| STAIRDANCE
 36239 | Vaults:3 | 36239 ||| DROPPING +4 chain mail.
 36240 | Vaults:3 | 36240 ||| DROPPING +2 pair of boots of Aqinkohe {Harm
                  | *Corrode rN+}.
 36243 | Vaults:4 | 36243 ||| STAIRDANCE
 36440 | Vaults:4 | 36440 ||| FLEEEEING.
 36441 | Vaults:4 | 36441 ||| FLEEEEING.
 36442 | Vaults:4 | 36442 ||| FLEEEEING.
 36443 | Vaults:4 | 36443 ||| FLEEEEING.
 36444 | Vaults:4 | 36444 ||| FLEEEEING.
 36446 | Vaults:4 | 36446 ||| FLEEEEING.
 36447 | Vaults:4 | 36447 ||| FLEEEEING.
 36448 | Vaults:4 | 36448 ||| FLEEEEING.
 36449 | Vaults:4 | 36449 ||| FLEEEEING.
 36450 | Vaults:4 | 36450 ||| FLEEEEING.
 36451 | Vaults:4 | 36451 ||| FLEEEEING.
 36453 | Vaults:4 | 36453 ||| FLEEEEING.
 36463 | Vaults:4 | 36463 ||| FLEEEEING.
 36464 | Vaults:4 | 36464 ||| FLEEEEING.
 36466 | Vaults:4 | 36466 ||| FLEEEEING.
 36751 | Vaults:4 | 36751 ||| Stepping ~*~*~tactically~*~*~ (stealth).
 36779 | Vaults:4 | 36779 ||| Stepping ~*~*~tactically~*~*~ (hiding).
 36802 | Vaults:4 | 36802 ||| Stepping ~*~*~tactically~*~*~ (stealth).
 36851 | Vaults:4 | 36851 ||| Stepping ~*~*~tactically~*~*~ (hiding).
 36882 | Vaults:4 | 36882 ||| Stepping ~*~*~tactically~*~*~ (stealth).
 36883 | Vaults:4 | 36883 ||| Stepping ~*~*~tactically~*~*~ (stealth).
 36908 | Vaults:4 | Found Adof's Antique Armour Boutique.
 36915 | Vaults:4 | 36915 ||| BUYING pair of glowing gloves (337 gold).
 36915 | Vaults:4 | Bought a pair of glowing gloves for 337 gold pieces
 37011 | Vaults:4 | 37011 ||| PLANNING SHOALS:4
 37011 | Vaults:4 | 37011 ||| DROPPING +2 pair of gloves.
 37328 | Shoals:4 | Entered Level 4 of the Shoals
 37390 | Shoals:4 | Noticed Aizul
 37409 | Shoals:4 | Killed Aizul
 37431 | Shoals:4 | 37431 ||| Stepping ~*~*~tactically~*~*~ (hiding).
 37455 | Shoals:4 | Received a gift from Okawaru
 37458 | Shoals:4 | 37458 ||| Stepping ~*~*~tactically~*~*~ (stealth).
 37471 | Shoals:4 | 37471 ||| Stepping ~*~*~tactically~*~*~ (hiding).
 37491 | Shoals:4 | 37491 ||| Stepping ~*~*~tactically~*~*~ (stealth).
 37492 | Shoals:4 | 37492 ||| Stepping ~*~*~tactically~*~*~ (hiding).
 37521 | Shoals:4 | 37521 ||| Stepping ~*~*~tactically~*~*~ (hiding).
 37522 | Shoals:4 | 37522 ||| Stepping ~*~*~tactically~*~*~ (hiding).
 37541 | Shoals:4 | 37541 ||| Stepping ~*~*~tactically~*~*~ (stealth).
 37558 | Shoals:4 | Received a gift from Okawaru
 37605 | Shoals:4 | Identified the ring of Eternal Harmony {rN+ AC+4}
 37622 | Shoals:4 | Received a gift from Okawaru
 37631 | Shoals:4 | Noticed Bai Suzhen
 37666 | Shoals:4 | Killed Bai Suzhen
 37685 | Shoals:4 | Received a gift from Okawaru
 37702 | Shoals:4 | 37702 ||| DROPPING +3 war axe of freezing.
 37704 | Shoals:4 | 37704 ||| Stepping ~*~*~tactically~*~*~ (hiding).
 37705 | Shoals:4 | 37705 ||| Stepping ~*~*~tactically~*~*~ (hiding).
 37706 | Shoals:4 | 37706 ||| Stepping ~*~*~tactically~*~*~ (hiding).
 37732 | Shoals:4 | 37732 ||| Stepping ~*~*~tactically~*~*~ (stealth).
 37733 | Shoals:4 | 37733 ||| Stepping ~*~*~tactically~*~*~ (stealth).
 37782 | Shoals:4 | 37782 ||| Stepping ~*~*~tactically~*~*~ (stealth).
 37785 | Shoals:4 | 37785 ||| Stepping ~*~*~tactically~*~*~ (stealth).
 37787 | Shoals:4 | 37787 ||| Stepping ~*~*~tactically~*~*~ (hiding).
 37873 | Shoals:4 | 37873 ||| Stepping ~*~*~tactically~*~*~ (stealth).
 37881 | Shoals:4 | 37881 ||| Stepping ~*~*~tactically~*~*~ (stealth).
 37883 | Shoals:4 | 37883 ||| Stepping ~*~*~tactically~*~*~ (hiding).
 37886 | Shoals:4 | 37886 ||| Stepping ~*~*~tactically~*~*~ (hiding).
 37887 | Shoals:4 | 37887 ||| Stepping ~*~*~tactically~*~*~ (hiding).
 38084 | Shoals:4 | Got a barnacled rune of Zot
 38105 | Shoals:4 | 38105 ||| Stepping ~*~*~tactically~*~*~ (stealth).
 38111 | Shoals:4 | 38111 ||| Stepping ~*~*~tactically~*~*~ (stealth).
 38114 | Shoals:4 | 38114 ||| Stepping ~*~*~tactically~*~*~ (hiding).
 38320 | Shoals:4 | 38320 ||| Stepping ~*~*~tactically~*~*~ (hiding).
 38452 | Shoals:4 | 38452 ||| PLANNING DEPTHS
 38738 | Depths:1 | Entered Level 1 of the Depths
 38740 | Depths:1 | 38740 ||| INVOKING Heroism.
 38742 | Depths:1 | 38742 ||| INVOKING Finesse.
 38844 | Depths:1 | 38844 ||| INVOKING Heroism.
 38845 | Depths:1 | 38845 ||| INVOKING Finesse.
 38919 | Depths:1 | 38919 ||| Stepping ~*~*~tactically~*~*~ (hiding).
 38921 | Depths:1 | 38921 ||| Stepping ~*~*~tactically~*~*~ (hiding).
 38944 | Depths:1 | 38944 ||| INVOKING Heroism.
 38945 | Depths:1 | 38945 ||| INVOKING Finesse.
 39362 | Depths:1 | Received a gift from Okawaru
 39363 | Depths:1 | Reached skill level 18 in Armour
 39425 | Depths:1 | 39425 ||| INVOKING Heroism.
 39426 | Depths:1 | 39426 ||| INVOKING Finesse.
 39621 | Depths:1 | Noticed Margery
 39621 | Depths:1 | 39621 ||| Stepping ~*~*~tactically~*~*~ (hiding).
 39624 | Depths:1 | 39624 ||| Stepping ~*~*~tactically~*~*~ (hiding).
 39629 | Depths:1 | 39629 ||| DRINKING 5 potions of resistance.
 39641 | Depths:1 | 39641 ||| INVOKING Heroism.
 39646 | Depths:1 | Killed Margery
 39661 | Depths:1 | Reached XP level 22. HP: 100/152 MP: 29/29
 39703 | Depths:1 | 39703 ||| DROPPING +0 broad axe of flaming.
 39706 | Depths:1 | Found a gateway to Hell.
 39750 | Depths:2 | 39750 ||| INVOKING Heroism.
 39759 | Depths:2 | 39759 ||| INVOKING Finesse.
 39789 | Depths:2 | Reached skill level 21 in Shields
 39914 | Depths:2 | 39914 ||| Stepping ~*~*~tactically~*~*~ (stealth).
 39916 | Depths:2 | 39916 ||| Stepping ~*~*~tactically~*~*~ (stealth).
 39918 | Depths:2 | 39918 ||| Stepping ~*~*~tactically~*~*~ (stealth).
 39920 | Depths:2 | 39920 ||| Stepping ~*~*~tactically~*~*~ (stealth).
 39956 | Depths:2 | 39956 ||| Stepping ~*~*~tactically~*~*~ (stealth).
 39967 | Depths:2 | 39967 ||| Stepping ~*~*~tactically~*~*~ (stealth).
 40018 | Depths:2 | 40018 ||| Stepping ~*~*~tactically~*~*~ (hiding).
 40044 | Depths:2 | Received a gift from Okawaru
 40150 | Depths:2 | Noticed Mara
 40151 | Depths:2 | 40151 ||| Stepping ~*~*~tactically~*~*~ (hiding).
 40152 | Depths:2 | 40152 ||| INVOKING Heroism.
 40153 | Depths:2 | Noticed qw's illusion
 40153 | Depths:2 | 40153 ||| INVOKING Finesse.
 40155 | Depths:2 | 40155 ||| Stepping ~*~*~tactically~*~*~ (hiding).
 40171 | Depths:2 | Killed Mara
 40235 | Depths:2 | 40235 ||| Stepping ~*~*~tactically~*~*~ (stealth).
 40247 | Depths:2 | 40247 ||| Stepping ~*~*~tactically~*~*~ (stealth).
 40249 | Depths:2 | 40249 ||| Stepping ~*~*~tactically~*~*~ (hiding).
 40250 | Depths:2 | 40250 ||| Stepping ~*~*~tactically~*~*~ (hiding).
 40251 | Depths:2 | 40251 ||| Stepping ~*~*~tactically~*~*~ (hiding).
 40274 | Depths:2 | Found a one-way gate leading to the halls of Pandemonium.
 40276 | Depths:2 | 40276 ||| INVOKING Heroism.
 40321 | Depths:2 | Identified the +4 scale mail of the Moon {Drain rElec Dex+2
                  | Stlth+}
 40441 | Depths:2 | 40441 ||| Stepping ~*~*~tactically~*~*~ (hiding).
 40457 | Depths:2 | Received a gift from Okawaru
 40458 | Depths:2 | Reached skill level 21 in Fighting
 40485 | Depths:2 | 40485 ||| INVOKING Heroism.
 40558 | Depths:2 | 40558 ||| Stepping ~*~*~tactically~*~*~ (stealth).
 40569 | Depths:2 | 40569 ||| Stepping ~*~*~tactically~*~*~ (hiding).
 40573 | Depths:2 | 40573 ||| INVOKING Heroism.
 40626 | Depths:2 | 40626 ||| Stepping ~*~*~tactically~*~*~ (stealth).
 40638 | Depths:2 | 40638 ||| INVOKING Heroism.
 40656 | Depths:2 | Received a gift from Okawaru
 41070 | Depths:3 | Reached skill level 12 in Throwing
 41096 | Depths:3 | Noticed Jory
 41099 | Depths:3 | 41099 ||| DRINKING 19 potions of curing.
 41099 | Depths:3 | 41099 ||| (to cure confusion)
 41100 | Depths:3 | 41100 ||| INVOKING Heroism.
 41115 | Depths:3 | HP: 35/155 [fire giant/+2 great sword of flaming (4)]
 41116 | Depths:3 | 41116 ||| READING 12 scrolls of teleportation.
 41117 | Depths:3 | 41117 ||| DRINKING 10 potions of heal wounds.
 41118 | Depths:3 | 41118 ||| DRINKING 9 potions of heal wounds.
 41124 | Depths:3 | 41124 ||| Stepping ~*~*~tactically~*~*~ (stealth).
 41129 | Depths:3 | 41129 ||| INVOKING Heroism.
 41145 | Depths:3 | Killed Jory
 41154 | Depths:3 | 41154 ||| Stepping ~*~*~tactically~*~*~ (stealth).
 41220 | Depths:3 | 41220 ||| INVOKING Finesse.
 41230 | Depths:3 | Noticed Mennas
 41231 | Depths:3 | 41231 ||| INVOKING Heroism.
 41236 | Depths:3 | Received a gift from Okawaru
 41288 | Depths:3 | 41288 ||| DRINKING 18 potions of curing.
 41288 | Depths:3 | 41288 ||| (to cure confusion)
 41290 | Depths:3 | 41290 ||| DRINKING 17 potions of curing.
 41290 | Depths:3 | 41290 ||| (to cure confusion)
 41318 | Depths:3 | Received a gift from Okawaru
 41327 | Depths:3 | Killed Mennas
 41351 | Depths:3 | 41351 ||| INVOKING Heroism.
 41390 | Depths:3 | Found a runed translucent door.
 41390 | Depths:3 | Found a runed translucent door.
 41392 | Depths:3 | Found a runed translucent door.
 41443 | Depths:3 | 41443 ||| INVOKING Heroism.
 41563 | Depths:3 | 41563 ||| Stepping ~*~*~tactically~*~*~ (hiding).
 41567 | Depths:3 | 41567 ||| INVOKING Heroism.
 41611 | Depths:3 | 41611 ||| INVOKING Heroism.
 41721 | Depths:3 | 41721 ||| INVOKING Heroism.
 41745 | Depths:3 | Identified the staff of death "Dodecom" {Contam Fly rN+
                  | Str+2}
 41750 | Depths:3 | Identified the staff of death "Ageyqod" {rN+ Str+5 Dex+2}
 41838 | Depths:3 | Noticed Vv
 41839 | Depths:3 | 41839 ||| FLEEEEING.
 41840 | Depths:3 | 41840 ||| FLEEEEING.
 41841 | Depths:3 | 41841 ||| FLEEEEING.
 41843 | Depths:3 | 41843 ||| FLEEEEING.
 41844 | Depths:3 | 41844 ||| FLEEEEING.
 41845 | Depths:3 | 41845 ||| FLEEEEING.
 41846 | Depths:3 | 41846 ||| DRINKING 4 potions of resistance.
 41847 | Depths:3 | 41847 ||| INVOKING Heroism.
 41872 | Depths:3 | HP: 26/155 [Vv (28)]
 41873 | Depths:3 | 41873 ||| READING 11 scrolls of teleportation.
 41874 | Depths:3 | 41874 ||| DRINKING 9 potions of heal wounds.
 41876 | Depths:3 | 41876 ||| DRINKING 8 potions of heal wounds.
 41877 | Depths:3 | 41877 ||| DRINKING 7 potions of heal wounds.
 41964 | Depths:3 | 41964 ||| DRINKING 3 potions of resistance.
 41965 | Depths:3 | 41965 ||| INVOKING Heroism.
 41982 | Depths:3 | Killed Vv
 42023 | Depths:3 | Found Woel's General Store.
 42027 | Depths:3 | 42027 ||| BUYING +0 chain mail "Businol" {rPois rF+ rC+}
                  | (564 gold).
 42027 | Depths:3 | Bought the +0 chain mail "Businol" {rPois rF+ rC+} for 564
                  | gold pieces
 42064 | Depths:4 | Entered Level 4 of the Depths
 42065 | Depths:4 | 42065 ||| INVOKING Heroism.
 42120 | Depths:4 | 42120 ||| INVOKING Heroism.
 42206 | Depths:4 | Found Gozag's Platinum Reserve.
 42206 | Depths:4 | Found an opulent altar of Gozag.
 42214 | Depths:4 | 42214 ||| SHOPLISTING ring of Finality {rF+ rC+ Str-2 Int+2
                  | Slay+3} (5160 gold, have 936).
 42218 | Depths:4 | 42218 ||| INVOKING Heroism.
 42229 | Depths:4 | Noticed a golden dragon
 42236 | Depths:4 | 42236 ||| Stepping ~*~*~tactically~*~*~ (cloud).
 42237 | Depths:4 | 42237 ||| INVOKING Heroism.
 42239 | Depths:4 | Killed a golden dragon
 42239 | Depths:4 | Received a gift from Okawaru
 42249 | Depths:4 | 42249 ||| Stepping ~*~*~tactically~*~*~ (cloud).
 42252 | Depths:4 | Reached XP level 23. HP: 109/161 MP: 30/30
 42256 | Depths:4 | 42256 ||| Stepping ~*~*~tactically~*~*~ (cloud).
 42260 | Depths:4 | 42260 ||| Stepping ~*~*~tactically~*~*~ (cloud).
 42260 | Depths:4 | HP: 30/161 [living spell/iceblast[a walking frostbound
                  | tome] (23)]
 42260 | Depths:4 | Killed from afar by a deep troll earth mage

Levels and vault maps discovered:
D:1:      dpeg_arrival_castle, layout_basic, minivault_26, minmay_hexomino_r4
D:2:      layout_basic, shapermc_ecumenical_altar_notcrosses, uniq_jessica,
          uniq_natasha
D:3:      layout_loops_ring, serial_bayou, serial_bayou_shore_a,
          serial_bayou_lagoon_a, serial_bayou_crossing, serial_bayou_pond_d,
          uniq_robin
D:4:      layout_basic, elyvilon_altar_1
D:5:      layout_cave_pods, tgw_kikubaaqudgha,
          mainiacjoe_overflow_surrounded_room, nicolae_sif_muna_little_library,
          uniq_ijyb
D:6:      layout_cave_pools, mainiacjoe_overflow_24_doors, uniq_sigmund
D:7:      layout_loops_cross, temple_fountains, kennysheep_potato, uniq_pikel
D:8:      layout_rooms, nicolae_qazlal_scattered_showers, enter_ossuary_5,
          uniq_grum
D:9:      layout_roguey, mainiacjoe_overflow_brackets,
          mainiacjoe_overflow_catwalk, enter_bailey_6
D:10:     layout_roguey, david_lair_shrubbed, hangedman_misty_isle,
          uniq_gastronok
D:11:     layout_cave_pools, zombieorc2_lemuel
D:12:     layout_irregular_city, nicolae_trove_entry_columns,
          elves_outpost_lemuel, uniq_fannar, uniq_psyche
D:13:     layout_stronghold, serial_shops, nicolae_lakefront_shop,
          gauntlet_entry_generic
D:14:     layout_gridville, grunt_vaults_entry_fortified,
          minmay_misc_feat_rugged, tgw_lugonu_bribe, uniq_snorg
D:15:     grunt_enter_depths_magical_seal, layout_long_grid, fedhas_altar_2,
          minmay_crystal_box
Temple:   jpeg_temple_clearing
Lair:1:   wander_river, layout_concentric_octagons, fungi_pond_lemuel
Lair:2:   dpeg_oklob_shooting_range, layout_loops_ring, minmay_shoals_entry_hut,
          guppyfry_snake_entry_garden, uniq_erica
Lair:3:   cheibrodos_lair_river_kwai, layout_chaotic_city,
          portal_ice_cave_demonic_guard
Lair:4:   layout_cave_pods, nicolae_volcano_entry_hallway,
          bh_autumn_forest_stairs, lemuel_fruit_tree
Lair:5:   gammafunk_lair_ancient_temple, layout_long_grid,
          dpeg_slime_entry_enclosed
Shoals:1: layout_shoals, nicolae_shoals_wave_tunnel, uniq_louise
Shoals:2: nicolae_shoals_aurelia_aurita, layout_shoals,
          nicolae_shop_firing_range, uniq_polyphemus, uniq_frances
Shoals:3: layout_shoals, uniq_ilsuiw
Shoals:4: shoals_end_hellmonk_lost_city, uniq_aizul, uniq_bai_suzhen
Snake:1:  layout_rooms, minmay_shoptagon, grunt_megastairs_3
Snake:2:  layout_gridlike, st_stairs_11
Snake:3:  layout_chambers, serial_shops, nicolae_shop_gaudy_bauble
Snake:4:  johnstein_snake_rune_scales, layout_cave_pods, uniq_roxanne
Orc:1:    layout_diamond_mine
Orc:2:    st_orc_rangers, layout_caves, uniq_jorgrun
Vaults:1: nicolae_vaults_network_periphery, hangedman_vaults_slice,
          nicolae_vaults_taking_the_gang_shopping, nicolae_vaults_wine_cellar,
          nicolae_vaults_diamond_2, v_misc_27, ontoclasm_vaults_claustrophobia,
          v_misc_5, vaults_dpeg_spiral, v_alt_pattern_4,
          nicolae_vaults_tangram_1, layout_vaults_big_room, uniq_asterion
Vaults:2: gammafunk_ghost_abyssal_escape, v_misc_13, v_misc_33,
          nicolae_vaults_house_3, v_misc_14, special_room_vaults
          [special_room_orc], nicolae_vaults_trapezoid_1,
          nicolae_vaults_sesquioval_fish, vaults_room_pools,
          layout_vaults_omnigrid, serial_shops, nicolae_shop_window_shopping,
          uniq_sojobo
Vaults:3: ontoclasm_vaults_gateway, v_misc_3,
          nicolae_vaults_you_can_take_it_with_you, dpeg_vaults_monster_box,
          hangedman_vaults_slice, minmay_crypt_entry_necro_gods, v_misc_30,
          v_misc_22, v_misc_23, v_misc_10, serial_ice_m, vaults_dpeg_diagonal,
          vaults_room_stairs_pillars, nicolae_vaults_more_shelving_2,
          layout_vaults_ring, uniq_nikola
Vaults:4: hangedman_vaults_nodes, nicolae_vaults_storage_closets_3,
          nicolae_vaults_closet_pinwheel_2, v_misc_4, st_lattice,
          hangedman_vaults_impose, v_rooms_3, ontoclasm_vaults_twist,
          hangedman_vaults_river_flow, nicolae_vaults_circle_grid_b,
          vaults_room_grid, v_misc_8, nicolae_vaults_little_ls,
          layout_vaults_maze_bifur, serial_shops, shop, uniq_saint_roka
Depths:1: layout_long_grid, grunt_metal_band, abyss_entry_crystal,
          serial_bayou_pond_c, serial_co_window_serial, co_window_corner_a,
          co_window_corner_a, co_window_paths_a, co_window_corner_a,
          co_window_corner_a, co_window_corner_b, co_window_broadway_a,
          co_window_of_opportunity_b, glass_columns_c, glass_columns_b,
          glass_columns_c
Depths:2: kennysheep_ogre_elephant_herders, layout_basic,
          rand_demon_pan_entry_3, nicolae_abyss_entry_one_way_or_another,
          minmay_misc_feat_doors, hell_entry, serial_glass, glass_columns_a,
          glass_columns_b, glass_columns_b, glass_columns_a, glass_columns_a,
          glass_columns_a, uniq_mara
Depths:3: minmay_the_grid_four_pointed_star_mashed
          [minmay_the_grid_triangle_9x9_fully_insulated_deathbox,
          minmay_the_grid_triangle_9x9_skeleton,
          minmay_the_grid_triangle_9x9_sparse_checkered,
          minmay_the_grid_triangle_9x9_empty,
          minmay_the_grid_prize_diamond_cup], layout_cave_pools, abyss_entry,
          chequers_serial_rivers_micro_e, serial_shops,
          nicolae_shop_back_alley_shop, hell_entry, kennysheep_generic_room_10,
          infiniplex_staircase_pool_1, uniq_mennas, uniq_jory, uniq_vv
Depths:4: evilmike_zot_entry_argh, layout_cave_shapes, enter_ziggurat_e,
          hangedman_abyss_entry_splay, pf_hell_entry_tar_spiral,
          nicolae_gozag_zags_fifth_avenue, serial_bayou_shore_b

Skill      XL: |  1  2  3  4  5  6  7  8  9 10 11 12 13 14 15 16 17 18 19 20 21 22 |
---------------+-------------------------------------------------------------------+-----
Axes           | 2 3 4 5 6 7 9 10 11 13 14 16 18 | 18.0
Fighting       | 4 5 6 7 9 10 11 12 13 14 15 17 19 20 21 | 21.9
Dodging        | 1 2 3 4 5 |  5.0
Armour         | 4 5 6 7 8 10 11 12 13 15 16 18 19 | 19.0
Shields        | 4 5 6 7 8 12 13 16 18 19 20 21 | 21.0
Invocations    | 2 4 9 10 | 10.0
Throwing       | 2 4 6 7 8 9 10 11 12 | 12.0

Action                     |  1- 3 |  4- 6 |  7- 9 | 10-12 | 13-15 | 16-18 | 19-21 | 22-24 || total
---------------------------+-------+-------+-------+-------+-------+-------+-------+-------++-------
  Melee: War axe           |    75 |   187 |   297 |   754 |   432 |       |       |       ||  1745
         Morningstar       |       |       |       |     9 |    31 |       |       |       ||    40
         Broad axe         |       |       |       |       |   744 |  1580 |  1772 |   644 ||  4740
  Throw: Boomerang         |       |       |       |     2 |     9 |       |       |       ||    11
         Javelin           |       |       |       |       |     4 |       |     1 |       ||     5
 Invoke: Heroism           |       |       |     1 |    23 |    31 |    31 |    25 |    20 ||   131
         Finesse           |       |       |       |     1 |     8 |     8 |     8 |     3 ||    28
    Use: Potion            |     3 |     1 |     1 |     1 |     3 |       |     4 |    10 ||    23
         Scroll            |     2 |     4 |     6 |    11 |    10 |     1 |     1 |     2 ||    37
   Stab: Distracted        |       |       |       |     1 |     1 |       |       |       ||     2
 Armour: Scale mail        |    41 |   104 |    62 |       |       |       |       |       ||   207
         Chain mail        |       |       |    87 |   206 |       |       |       |       ||   293
         Plate armour      |       |       |       |    61 |   333 |   325 |   416 |   186 ||  1321
  Dodge: Dodged            |    25 |    91 |   119 |   353 |   679 |   802 |   881 |   361 ||  3311
         Repelled          |       |       |       |       |    11 |    45 |    13 |    14 ||    83
  Block: Buckler           |    13 |    36 |    40 |   295 |   289 |       |       |       ||   673
         Reflection        |       |       |       |     3 |     5 |     9 |    83 |     7 ||   107
         Kite shield       |       |       |       |       |   195 |   379 |       |       ||   574
         Tower shield      |       |       |       |       |       |   592 |  1460 |   564 ||  2616

Table legend:
 A = Non-vault XP
 B = Vault XP
 C = Vault XP percentage of total XP
 D = Non-vault monster count
 E = Vault monster count
 F = Vault count percentage of total count
                 A         B        C        D         E       F
            +---------+---------+-------+---------+---------+-------
      Total |  433405 |  274403 |  38.8 |    1037 |     525 |  33.6
            +---------+---------+-------+---------+---------+-------
        D:1 |      13 |       5 |  27.8 |       9 |       4 |  30.8
        D:2 |      53 |      72 |  57.6 |      13 |       2 |  13.3
        D:3 |      57 |      35 |  38.0 |      13 |      13 |  50.0
        D:4 |     806 |       0 |   0.0 |      31 |       0 |   0.0
        D:5 |     860 |      36 |   4.0 |      22 |       1 |   4.3
        D:6 |     510 |     214 |  29.6 |       7 |       1 |  12.5
        D:7 |    1288 |     706 |  35.4 |      19 |       3 |  13.6
        D:8 |    1793 |     651 |  26.6 |      26 |       5 |  16.1
        D:9 |    1440 |       0 |   0.0 |      17 |       0 |   0.0
       D:10 |    4714 |    2734 |  36.7 |      24 |       8 |  25.0
       D:11 |    4174 |     865 |  17.2 |      17 |      36 |  67.9
       D:12 |    5182 |    6716 |  56.4 |      19 |      11 |  36.7
       D:13 |    7056 |       0 |   0.0 |      17 |       0 |   0.0
       D:14 |    6170 |    7565 |  55.1 |      12 |      11 |  47.8
       D:15 |   11816 |    4379 |  27.0 |      32 |      10 |  23.8
     Lair:1 |    7457 |       0 |   0.0 |      32 |       0 |   0.0
     Lair:2 |    7384 |    1388 |  15.8 |      26 |       4 |  13.3
     Lair:3 |    5707 |    3073 |  35.0 |      21 |       8 |  27.6
     Lair:4 |    5853 |       0 |   0.0 |      23 |       0 |   0.0
     Lair:5 |    6416 |    8668 |  57.5 |      18 |      23 |  56.1
   Shoals:1 |    8230 |    2932 |  26.3 |      21 |       7 |  25.0
   Shoals:2 |    7735 |    6176 |  44.4 |      18 |       6 |  25.0
   Shoals:3 |   12162 |    3696 |  23.3 |      31 |       5 |  13.9
   Shoals:4 |   10898 |   29562 |  73.1 |      27 |      40 |  59.7
    Snake:1 |   13533 |    4110 |  23.3 |      30 |       7 |  18.9
    Snake:2 |   23042 |    2016 |   8.0 |      43 |       3 |   6.5
    Snake:3 |   29761 |       0 |   0.0 |      62 |       0 |   0.0
    Snake:4 |   21985 |   20341 |  48.1 |      46 |      33 |  41.8
      Orc:1 |    4654 |       0 |   0.0 |      29 |       0 |   0.0
      Orc:2 |    2779 |    7605 |  73.2 |      27 |      37 |  57.8
   Vaults:1 |   23802 |   20136 |  45.8 |      41 |      27 |  39.7
   Vaults:2 |   34738 |   14860 |  30.0 |      57 |      39 |  40.6
   Vaults:3 |   33500 |   46062 |  57.9 |      51 |      55 |  51.9
   Vaults:4 |   32361 |   34030 |  51.3 |      37 |      58 |  61.1
   Depths:1 |   22410 |    6206 |  21.7 |      26 |       6 |  18.8
   Depths:2 |   36536 |   13279 |  26.7 |      47 |      20 |  29.9
   Depths:3 |   27088 |   21076 |  43.8 |      36 |      14 |  28.0
   Depths:4 |    9442 |    4293 |  31.3 |      10 |       3 |  23.1
    Ossuary |       0 |     916 | 100.0 |       0 |      25 | 100.0
            +---------+---------+-------+---------+---------+-------
